 Dungeon Crawl Stone Soup version 0.32-a0-350-g4f4d228785 (webtiles) character file.

Game seed: 16615794889558168973

24882242 bakla the Scholar of Death (level 27, 229/321 HPs)
             Began as a Troll Alchemist on Feb 17, 2024.
             Was a Follower of Kikubaaqudgha.
             Escaped with the Orb
             ... and 15 runes
             ... and 3 gems!
             The game lasted 04:09:07 (61149 turns).

bakla the Scholar of Death (Troll Alchemist)       Turns: 61149, Time: 04:09:07

Health: 229/321    AC: 16    Str: 23    XL:     27
Magic:  13/44      EV: 16    Int: 12    God:    Kikubaaqudgha [*.....]
Gold:   2897       SH: 34    Dex: 16    Spells: 31/36 levels left

rFire   + +          .
                       - Unarmed
rCold   + + +        r - +10 tower shield of Ignorance {rN+ Int-4}
rNeg    + + +        c - +5 moon troll leather armour {Spirit, Regen++ MP+5}
rPois   ∞            f - +1 hat of Nulid {Fly rC+ rCorr}
rElec   .            j - +2 cloak {rCorr}
rCorr   +            (gloves unavailable)
SInv    +            (boots unavailable)
Will    ++++.        g - amulet "Suisesm" {rF+ Regen+ SInv}
Stlth   +            h - ring "Kucsyd" {rF+ rC+}
HPRegen 3.93/turn    J - ring "Unkoizol" {rPois rN+ Will+ Dex-2}
MPRegen 0.29/turn

%: guardian spirit
@: death-form, flying, studying 3 skills
A: vile attack, torment immunity, no potions, large, unfitting armour, claws 3,
regeneration 1, shaggy fur 1, tough skin 1, agile 1
0: Orb of Zot
}: 15/15 runes: serpentine, barnacled, slimy, silver, golden, iron, obsidian,
icy, bone, abyssal, demonic, glowing, magical, fiery, dark
a: Siphon Essence, Begin Untransformation, Renounce Religion, Unearth Wretches


You escaped.
You worshipped Kikubaaqudgha.
Kikubaaqudgha was aware of your devotion.
You were an undying horror.
You visited 18 branches of the dungeon, and saw 88 of its levels.
You visited Pandemonium 1 time, and saw 27 of its levels.
You visited the Abyss 3 times.
You visited 1 ziggurat, and saw 8 of its levels.
You also visited: Gauntlet.

You collected 7627 gold pieces.
You spent 4730 gold pieces at shops.

Inventory:

Missiles
 n - 8 curare-tipped darts
Armour
 c - the +5 moon troll leather armour (worn) {Spirit, Regen++ MP+5}
   (You found it on level 3 of the Crypt)

   MP+5:      It affects your magic capacity (+5).
   Regen++:   It increases your rate of health regeneration.
 f - the +1 hat of Nulid (worn) {Fly rC+ rCorr}
   (You acquired it on level 2 of the Vaults)

   rC+:       It protects you from cold.
   Fly:       It grants you flight.
   rCorr:     It protects you from acid and corrosion.
 j - a +2 cloak of preservation (worn)
 r - the +10 tower shield of Ignorance (worn) {rN+ Int-4}
   (You acquired it on level 1 of the Crypt)

   Int-4:     It affects your intelligence (-4).
   rN+:       It protects you from negative energy.
Jewellery
 d - the ring of Uwuliq {EV+5 Str+2}
   (You found it in a Gauntlet)

   [ring of evasion]

   EV+5:      It affects your evasion (+5).
   Str+2:     It affects your strength (+2).
 g - the amulet "Suisesm" (around neck) {rF+ Regen+ SInv}
   (You found it on level 2 of the Tomb of the Ancients)

   [amulet of regeneration]

   rF+:       It protects you from fire.
   SInv:      It lets you see invisible.
   Regen+:    It increases your rate of health regeneration.
 h - the ring "Kucsyd" (left claw) {rF+ rC+}
   (You bought it in a shop on level 3 of the Elven Halls)

   [ring of protection from cold]

   rF+:       It protects you from fire.
   rC+:       It protects you from cold.
 v - the ring of Due Proportion {rCorr MP+9 Int-3 Dex+3}
   (You bought it in a shop on level 3 of the Elven Halls)

   [ring of resist corrosion]

   Int-3:     It affects your intelligence (-3).
   Dex+3:     It affects your dexterity (+3).
   MP+9:      It affects your magic capacity (+9).
   rCorr:     It protects you from acid and corrosion.
 y - the ring "Zuer" {rF++ Int+6}
   (You acquired it on level 1 of the Crypt)

   [ring of intelligence]

   Int+6:     It affects your intelligence (+6).
   rF++:      It greatly protects you from fire.
 J - the ring "Unkoizol" (right claw) {rPois rN+ Will+ Dex-2}
   (You found it on level 3 of the Crypt)

   [ring of poison resistance]

   Dex-2:     It affects your dexterity (-2).
   rPois:     It protects you from poison rN+: It protects you from negative
   energy.
   Will+:     It increases your willpower.
 O - the amulet of the Crushed Persimmons {Spirit rPois rN+ Will++}
   (You found it on level 6 of a ziggurat)

   [amulet of guardian spirit]

   Spirit:    It causes incoming damage to be divided between your reserves of
   health and magic.
   rPois:     It protects you from poison rN+: It protects you from negative
   energy.
   Will++:    It greatly increases your willpower.
 U - the ring "Xeekkybung" {rF+ Str+4 Int+6 Stlth-}
   (You found it on level 3 of a ziggurat)

   [ring of protection from fire]

   Str+4:     It affects your strength (+4).
   Int+6:     It affects your intelligence (+6).
   rF+:       It protects you from fire.
   Stlth-:    It makes you less stealthy.
 X - the ring of Weeri {rF+ rN++}
   (You found it on level 6 of a ziggurat)

   [ring of protection from fire]

   rF+:       It protects you from fire.
   rN++:      It greatly protects you from negative energy.
Talismans
 p - a granite talisman
 F - a talisman of death (active)
Wands
 H - a wand of polymorph (31)
 I - a wand of acid (28)
 K - a wand of iceblast (77)
 V - a wand of digging (27)
Scrolls
 a - 15 scrolls of vulnerability
 i - 5 scrolls of brand weapon
 l - 12 scrolls of enchant armour
 m - a scroll of teleportation
 t - 7 scrolls of silence
 z - a scroll of torment
 D - 7 scrolls of blinking
 L - 8 scrolls of poison
 M - 8 scrolls of immolation
 N - 7 scrolls of fog
 P - 9 scrolls of fear
Potions
 b - 5 potions of magic
 e - 15 potions of attraction
 k - 4 potions of enlightenment
 q - 7 potions of heal wounds
 u - 6 potions of might
 A - 5 potions of cancellation
 C - 7 potions of berserk rage
 E - 19 potions of curing
 Q - 4 potions of haste
 R - 4 potions of resistance
 S - 14 potions of brilliance
 T - 5 potions of mutation
 W - 6 potions of lignification
 Y - a potion of ambrosia
 Z - 7 potions of invisibility
Miscellaneous
 s - a lightning rod (4/4)
 w - a phantom mirror (inert)
 x - a condenser vane
 B - a phial of floods
 G - a sack of spiders


   Skills:
 + Level 26.8 Fighting
 - Level 13.0 Armour
 - Level 13.0 Dodging
 - Level 1.0 Stealth
 - Level 23.9 Shields
 O Level 27 Unarmed Combat
 - Level 5.0 Spellcasting
 - Level 0.6 Conjurations
 - Level 6.0 Necromancy
 - Level 5.0 Translocations
 - Level 2.1 Alchemy
 O Level 27 Invocations
 - Level 23.0 Shapeshifting


You had 31 spell levels left.
You knew the following spells:

 Your Spells              Type           Power      Damage    Failure   Level
a - Sting                 Conj/Alch      24%        1d4       16%         1
b - Fugue of the Fallen   Necr           17%        N/A       7%          3
c - Apportation           Tloc           30%        N/A       3%          1

Your spell library contained the following spells:

 Spells                   Type           Power      Damage    Failure   Level
 Necrotise                Necr           68%        1d7       2%          1
 Sublimation of Blood     Necr           17%        N/A       3%          2
 Lesser Beckoning         Tloc           30%        N/A       5%          2
 Vampiric Draining        Necr           17%        2d7       7%          3
 Kiss of Death            Conj/Necr      40%        2d8       8%          1
 Gell's Gravitas          Tloc           15%        N/A       11%         3
 Teleport Other           Tloc           15%        N/A       11%         3
 Cigotuvi's Dreadful Rot  Necr/Alch/Air  18%        N/A       14%         2
 Animate Dead             Necr           17%        N/A       24%         4
 Dispel Undead            Necr           17%        3d10      24%         4
 Shock                    Conj/Air       12%        1d3       26%         1
 Mercury Vapours          Alch/Air       10%        N/A       26%         2
 Sandblast                Erth           6%         2d5       28%         1
 Slow                     Hex            12%        N/A       28%         1
 Volatile Blastmotes      Fire/Tloc      18%        2d11      30%         3
 Manifold Assault         Tloc           15%        N/A       34%         4
 Passage of Golubria      Tloc           15%        N/A       34%         4
 Static Discharge         Conj/Air       6%         3-4/arc   36%         2
 Call Imp                 Summ           6%         N/A       38%         2
 Jinxbite                 Hex            6%         N/A       38%         2
 Scorch                   Fire           6%         2d5       38%         2
 Mephitic Cloud           Conj/Alch/Air  5%         N/A       50%         3
 Curse of Agony           Necr           17%        N/A       54%         5
 Dazzling Flash           Conj/Hex       6%         N/A       58%         3
 Hailstorm                Conj/Ice       3%         3d5       58%         3
 Stone Arrow              Conj/Erth      6%         3d7       58%         3
 Call Canine Familiar     Summ           3%         N/A       63%         3
 Confusing Touch          Hex            3%         N/A       63%         3
 Frozen Ramparts          Ice            6%         1d1       63%         3
 Inner Flame              Hex/Fire       3%         N/A       63%         3
 Ozocubu's Armour         Ice            3%         N/A       63%         3
 Passwall                 Erth           3%         N/A       63%         3
 Sigil of Binding         Hex            3%         N/A       63%         3
 Summon Ice Beast         Ice/Summ       3%         N/A       63%         3
 Swiftness                Air            3%         N/A       63%         3
 Anguish                  Hex/Necr       5%         N/A       63%         4
 Martyr's Knell           Necr/Summ      10%        N/A       63%         4
 Iskenderun's Mystic Bla  Conj/Tloc      9%         2d4       65%         4
 Dimensional Bullseye     Hex/Tloc       4%         N/A       69%         4
 Vhi's Electric Charge    Tloc/Air       18%        N/A       69%         4
 Olgreb's Toxic Radiance  Alch           8%         N/A       75%         4
 Fulminant Prism          Conj/Alch      3%         3d5       85%         4
 Leda's Liquefaction      Alch/Erth      2%         N/A       87%         4
 Petrify                  Alch/Erth      5%         N/A       87%         4
 Sticky Flame             Fire/Alch      5%         2d4       87%         4
 Borgnjor's Vile Clutch   Necr/Erth      5%         N/A       92%         5
 Brom's Barrelling Bould  Conj/Erth      3%         2d3       94%         4
 Flame Wave               Conj/Fire      3%         2d5       94%         4
 Airstrike                Air            1%         2d(1-17)  95%         4
 Animate Armour           Summ/Erth      6%         N/A       95%         4
 Cause Fear               Hex            1%         N/A       95%         4
 Summon Blazeheart Golem  Fire/Summ      3%         N/A       95%         4
 Summon Lightning Spire   Summ/Air       3%         N/A       95%         4
 Summon Forest            Summ/Tloc      4%         N/A       95%         5
 Alistair's Intoxication  Alch           5%         N/A       97%         5
 Death Channel            Necr           8%         N/A       98%         6
 Iskenderun's Battlesphe  Conj           4%         2d6       99%         5
 Yara's Violent Unravell  Hex/Alch       2%         3d3       99%         5
 Arcjolt                  Conj/Air       1%         1d11      100%        5
 Lee's Rapid Deconstruct  Erth           1%         3d4*      100%        5
 Metabolic Englaciation   Hex/Ice        1%         N/A       100%        5
 Silence                  Hex/Air        1%         N/A       100%        5
 Summon Mana Viper        Hex/Summ       3%         N/A       100%        5
 Bombard                  Conj/Erth      1%         9d1       100%        6
 Conjure Ball Lightning   Conj/Air       1%         3x3d6     100%        6
 Eringya's Noxious Bog    Alch           4%         4d6       100%        6
 Sculpt Simulacrum        Ice/Alch       2%         N/A       100%        6
 Summon Cactus Giant      Summ           1%         N/A       100%        6
 Malign Gateway           Summ/Tloc      4%         N/A       100%        7
 Monstrous Menagerie      Summ           1%         N/A       100%        7
 Ozocubu's Refrigeration  Ice            1%         4d7       100%        7
 Summon Hydra             Summ           1%         N/A       100%        7
 Borgnjor's Revivificati  Necr           8%         N/A       100%        8
 Discord                  Hex            1%         N/A       100%        8
 Disjunction              Tloc           7%         N/A       100%        8
 Infestation              Necr           8%         N/A       100%        8
 Lehudib's Crystal Spear  Conj/Erth      1%         10d2      100%        8
 Maxwell's Capacitive Co  Air            1%         ∞         100%        8
 Summon Horrible Things   Summ           1%         N/A       100%        8
 Chain Lightning          Conj/Air       1%         3d2       100%        9
 Death's Door             Necr           8%         N/A       100%        9
 Fire Storm               Conj/Fire      1%         8d1       100%        9
 Polar Vortex             Ice            1%         N/A       100%        9
 Shatter                  Erth           1%         3d6*      100%        9


Dungeon Overview and Level Annotations

Branches:
Dungeon (15/15)            Temple (1/1) D:6            Lair (5/5) D:9
 Shoals (4/4) Lair:2        Snake (4/4) Lair:2        Slime (5/5) Lair:5
    Orc (2/2) D:9             Elf (3/3) Orc:2        Vaults (5/5) D:14
  Crypt (3/3) Vaults:3       Tomb (3/3) Crypt:3      Depths (4/4) D:15
   Hell (visited)             Dis (7/7) Hell            Geh (7/7) Hell
    Coc (7/7) Hell            Tar (7/7) Hell            Zot (5/5) Depths:4
Gauntlet (visited)

Altars:
Ashenzari
Cheibriados
Dithmenos
Elyvilon
Fedhas
Gozag
Hepliaklqana
Kikubaaqudgha
Makhleb
Nemelex Xobeh
Okawaru
Qazlal
Ru
Sif Muna
Trog
Uskayaw
Vehumet
Wu Jian
Xom
Yredelemnul
Zin
The Shining One
Beogh
Lugonu

Shops:
D:7 [   D:8 *   D:9 [   D:11 :(*   Orc:1 *   Orc:2 ***!   Elf:1 :[!(
Elf:3 =*!(*   Snake:3 !!(*   Vaults:1 (   Vaults:2 [   Vaults:3 ([
Depths:1 [[!**

Portals:
Hell: Depths:1 Depths:2 Depths:3 Depths:4
Abyss: Depths:3 Depths:4
Pandemonium: Depths:2 Depths:3

Annotations:
D:8 Psyche
Lair:5 exclusion: oklob plant
Shoals:4 2 transporters, rbyellow5's ghost, adept OnWr
Elf:2 3 runed translucent doors
Tar:7 exclusion: door
Zot:5 exclusion: 2 upstairs


Innate Abilities, Weirdness & Mutations

You are an undying horror.
Your melee and unarmed attacks drain, slow and weaken victims.
You are immune to unholy pain and torment.
You cannot drink.
You are immune to poison.
You are too large for most types of armour.
You have claws for hands.
Your natural rate of healing is unusually fast.
You are covered in fur. (AC +1)
You have tough skin. (AC +1)
You are agile. (Dex +4, Str/Int -1)


Message History

You barely miss the Orb Guardian. The Orb Guardian hits you!!
* * * LOW HITPOINT WARNING * * *
You eviscerate the Orb Guardian!!!
The Orb Guardian decays.
You drain the Orb Guardian!!
The Orb Guardian is almost dead.
You eviscerate the Orb Guardian!!!!
You kill the Orb Guardian!
Kikubaaqudgha accepts your kill.
You scratch the shadow demon but do no damage.
You eviscerate the shadow demon!!!
The shadow demon decays.
The shadow demon is severely wounded.
The shadow demon hits you.
* * * LOW HITPOINT WARNING * * *
You closely miss the shadow demon.
The shadow demon is severely wounded.
A demonic crawler comes into view.
You closely miss the shadow demon.
The shadow demon is severely wounded.
You eviscerate the shadow demon!!!
You kill the shadow demon!
Kikubaaqudgha accepts your kill.
Your magic seems less tainted.
Items here: )) [[[ ††.
There is a staircase leading out of the dungeon, spattered with blood here.
You barely miss the demonic crawler.
You block the demonic crawler's attack. x3
You barely miss the demonic crawler. You barely miss the demonic crawler.
You block the demonic crawler's attack. x3
You mangle the demonic crawler!!
The demonic crawler decays.
The demonic crawler is severely wounded.
You block the demonic crawler's attack. x3
You claw the demonic crawler!
The demonic crawler decays.
The demonic crawler is severely wounded.
You mangle the demonic crawler!!
You kill the demonic crawler!
Kikubaaqudgha accepts your kill.
You can now bring forth the wretched and dying.
Kikubaaqudgha has no new spells for you at this time.
A blizzard demon comes into view.
There is a staircase leading out of the dungeon, spattered with blood here.
You have escaped!

.#~..ß..........ß..~.##..........
.#~.##############.~.##..........
.#~ß#~~~~~#.≈≈.#.#ß~.##......##..
.#~.#~...~#§≈≈.#.#.~.##......##..
.#~.#~.#.~#.≈§.#2#.~.##......##..
.#~ß#~.#.~#.§§.#.#.~.##......##..
.#~.#~.#.~#.§§§#.#.~.##......##..
....'..#..'§§.§'.#.~.##......##..
....'..#..'...§'z#.~.##......##.#
##~.#~.#.†#.§≈.#)#.~.##......##.#
##~ß#~.#.~#§≈≈.#.#.~.........##.#
##~.#~.#.~#§≈≈.#.#.~##.......##..
##~.#~..X~#§≈≈.#.#.~##.......##..
#~ß#~~~~~#.≈≈.#.#ß~##...........
#~.##############.~###...†...##.
#~..ß..........ß..~#.........#..
#~~~~~≈~~~~~~~~~~~~#.........#..


You could see a blizzard demon.

Vanquished Creatures
  Cerebov (Pan)
  Asmodeus (Geh:7)
  Antaeus (Coc:7)
  the Royal Jelly (Slime:5)
  Gloorx Vloq (Pan)
  Lom Lobon (Pan)
  Mnoleg (Pan)
  Ereshkigal (Tar:7)
  the Serpent of Hell (Dis:7)
  Dispater (Dis:7)
  7 dread liches
  Frederick (Vaults:2)
  12 pandemonium lords
  4 ancient liches
  Tiamat (Zot:1)
  4 orbs of fire (Zot:5)
  2 juggernauts
  Xtahua (Crypt:3)
  39 royal mummies
  4 Killer Klowns (Zot:5)
  15 shard shrikes
  Saint Roka (Crypt:2)
  3 curse toes
  26 caustic shrikes
  13 profane servitors
  Geryon (Hell)
  5 golden dragons
  Norris (Elf:1)
  2 iron giants
  17 Tzitzimimeh
  18 bone dragons
  18 Brimstone Fiends
  5 doom hounds
  The ghost of Dyigyrgh the Warrior, an adept GrFi of Cheibriados (Crypt:1)
  An electric golem (Zot:5)
  Rupert (D:14)
  3 hellephants (Geh:7)
  30 Orb Guardians
  A shard shrike skeleton (Crypt:3)
  17 tentacled monstrosities
  Asterion (Vaults:3)
  27 Hell Sentinels
  15 liches
  14 tainted leviathans
  21 Ice Fiends
  2 deep elf blademasters (Elf:3)
  2 quicksilver dragons (Zot:3)
  17 titans
  19 searing wretches
  2 deep elf master archers (Elf:3)
  A tentacled starspawn (Abyss:3)
  3 krakens
  42 ancient champions
  5 death cobs
  20 acid blobs
  18 sphinxes
  21 Executioners (Pan)
  8 shadow dragons
  Aizul (Snake:2)
  4 nagarajas
  12 storm dragons
  Roxanne (Elf:2)
  15 rockslimes
  10 frost giants
  6 draconian monks
  10 protean progenitors
  6 revenants
  Donald (Vaults:1)
  Ilsuiw (Shoals:2)
  7 tengu reavers
  11 draconian knights
  13 azure jellies
  4 quicksilver elementals
  12 fire giants
  4 deep elf sorcerers (Elf:3)
  17 demonspawn warmongers
  A frost giant (shapeshifter) (Depths:2)
  11 narguns
  21 vault wardens
  4 iron dragons
  5 draconian shifters
  36 balrugs
  An alligator snapping turtle (shapeshifter) (Depths:2)
  2 ghost moths
  2 caustic shrike zombies
  5 ghouls
  2 shard shrike simulacra
  3 spectral caustic shrikes
  A spriggan defender (Depths:1)
  An orc warlord (Orc:2)
  5 curse skulls
  8 draconian scorchers
  14 very ugly things
  2 spectral juggernauts (Tar:6)
  7 demonspawn corrupters (Pan)
  38 cacodemons
  A formless jellyfish (shapeshifter) (Depths:2)
  33 reapers
  7 draconian annihilators
  20 stone giants
  11 demonspawn blood saints (Pan)
  6 draconian stormcallers
  5 formless jellyfish
  8 quicksilver oozes
  5 ironbound thunderhulks
  5 deep elf demonologists
  3 caustic shrike skeletons
  15 ironbound preservers
  14 elemental wellsprings
  4 bennus
  8 vampire knights
  An eleionoma (shapeshifter) (Depths:2)
  4 juggernaut skeletons (Pan)
  10 black draconians
  11 green draconians
  11 demonspawn black suns
  7 deep elf death magi
  8 dire elephants
  7 white draconians
  24 war gargoyles
  12 deep elf annihilators
  6 spark wasps
  19 putrid mouths
  10 lorocyprocas
  A minotaur (Gauntlet)
  10 iron golems
  11 purple draconians
  16 red draconians
  12 eidola
  7 wendigos
  10 yellow draconians
  22 blizzard demons
  An acid blob zombie (Crypt:2)
  5 merfolk javelineers
  8 merfolk impalers
  2 crystal guardians (Zig:8)
  16 green deaths
  20 mummy priests
  6 fire dragons
  A spectral quicksilver dragon (Tar:3)
  A spriggan zombie (Crypt:3)
  9 jiangshi
  11 yaktaur captains
  4 spectral spriggans
  11 ettins
  2 shambling mangroves
  An ice dragon (shapeshifter) (Depths:2)
  A fenstrider witch zombie (Crypt:3)
  5 ice dragons
  A peacekeeper (Vaults:1)
  3 entropy weavers
  7 great orbs of eyes
  8 rakshasas
  Erolcha (D:9)
  6 hell beasts
  5 hydras
  7 salamander tyrants
  3 deep elf high priests
  Harold (D:10)
  29 vault guards
  2 alligator snapping turtles
  3 spriggan skeletons (Crypt:1)
  7 ironbound frosthearts
  3 jorogumos
  2 ogre magi (Vaults:5)
  2 catoblepae
  2 caustic shrike simulacra
  2 juggernaut simulacra
  3 ghost crabs
  13 centaur warriors
  16 anacondas
  9 spriggan air magi
  6 merfolk avatars
  A fenstrider witch skeleton (Crypt:3)
  2 boulder beetles
  40 dancing weapons
  8 two-headed ogres
  6 stokers
  3 death knights
  A satyr (Shoals:3)
  A sphinx skeleton (Vaults:3)
  10 naga warriors
  3 deep troll earth magi (Vaults:5)
  3 vampire magi
  41 death scarabs
  A spectral stone giant (Tar:6)
  9 tengu warriors
  A thrashing horror (Abyss:3)
  3 death yaks (Lair:2)
  A death yak (shapeshifter) (Depths:2)
  A spectral naga (Tar:6)
  2 merfolk aquamancers
  9 shock serpents
  A spectral dire elephant (Tar:4)
  6 orc high priests
  33 hell hogs
  12 naga sharpshooters
  38 soul eaters
  28 hell knights
  5 demonic crawlers
  71 sun demons
  11 crystal echidnas
  13 deep elf knights
  8 skysharks
  A spectral bunyip (Tar:1)
  A bunyip zombie (Crypt:1)
  8 salamander mystics
  2 iron trolls (Vaults:5)
  4 hellephant skeletons (Pan)
  A titan skeleton (Crypt:1)
  2 fire crabs (Abyss:3)
  36 sixfirhies
  42 skeletal warriors
  20 shadow wraiths
  Nergalle (Lair:1)
  17 shadow demons
  2 wretched stars (Abyss:3)
  2 cherubim
  A golden dragon zombie (Zig:4)
  A skyshark (shapeshifter) (Depths:2)
  6 sea snakes
  9 glowing orange brains
  A quicksilver dragon simulacrum (Coc:3)
  4 anaconda zombies
  18 mana vipers
  3 sun moths (Pan)
  A bog body (Crypt:2)
  30 deep trolls
  12 naga ritualists
  2 spriggan simulacra
  6 obsidian statues
  9 arcanists
  4 goliath frogs
  A glowing orange brain (shapeshifter) (Depths:2)
  23 ironbound convokers
  A swamp dragon (Zig:3)
  An orange crystal statue (Zig:2)
  A sun moth (shapeshifter) (Depths:3)
  A bunyip skeleton (Crypt:3)
  A golden dragon skeleton (Crypt:1)
  9 flayed ghosts
  A mana viper (shapeshifter) (Depths:2)
  10 deep elf archers
  19 deep elf zephyrmancers
  25 large abominations
  19 phantasmal warriors
  11 necromancers
  43 ugly things
  16 lindwurms
  25 deep elf pyromancers
  2 tengu skeletons (Depths:3)
  2 alligator skeletons
  8 orc knights
  A stone giant zombie (Crypt:1)
  19 harpies
  11 manticores
  A spectral ettin (Tar:3)
  7 shining eyes
  8 orc sorcerers
  14 fauns
  10 moths of wrath
  A frost giant zombie (Depths:3)
  A worldbinder (Abyss:3)
  9 cyclopes
  A faun (shapeshifter) (Vaults:5)
  An elephant (shapeshifter) (Depths:2)
  4 wolf spiders
  An iron dragon skeleton (Crypt:3)
  19 salamanders
  4 ice statues
  11 merfolk sirens
  2 stone giant skeletons
  A centaur zombie (Tomb:2)
  A salamander (shapeshifter) (Vaults:5)
  21 smoke demons
  11 vault sentinels
  3 apocalypse crabs (Abyss:3)
  11 guardian serpents
  A toenail golem (Pan)
  46 black mambas
  A molten gargoyle (Depths:2)
  7 rust devils
  2 dire elephant zombies
  17 naga magi
  2 shock serpent zombies
  2 gargoyles
  2 titan simulacra
  13 elephants
  8 water nymphs
  6 kobold blastminers
  2 torpor snails
  A draconian skeleton (Crypt:3)
  29 orange demons
  13 cane toads
  A centaur skeleton (Crypt:3)
  A mana viper skeleton (Crypt:3)
  3 eyes of devastation
  2 minotaur zombies
  6 unseen horrors
  Maggie (D:10)
  3 dire elephant skeletons
  A storm dragon simulacrum (Coc:1)
  3 rime drakes (Lair:4)
  7 freezing wraiths
  2 anaconda simulacra
  10 hellions
  12 komodo dragons
  2 naga skeletons
  25 yaktaurs
  5 tengu conjurers
  10 ice devils
  15 tormentors
  A rime drake (shapeshifter) (D:13)
  A minotaur skeleton (Crypt:1)
  A sea snake skeleton (Hell)
  An efreet (Pan)
  2 ancient zymes (Abyss:3)
  7 red devils
  2 iron giant simulacra
  43 guardian mummies
  A bunyip simulacrum (Coc:1)
  A harpy zombie (Crypt:1)
  3 spectral harpies
  2 silent spectres
  19 merfolk
  8 hellwings
  A tarantella (Zig:1)
  6 trolls
  A merfolk (shapeshifter) (Vaults:3)
  3 hydra zombies (Hell)
  10 hornets
  4 polar bears (Lair:5)
  2 tyrant leeches (Zot:2)
  24 blink frogs
  A hydra skeleton (Crypt:3)
  A guardian serpent zombie (Crypt:2)
  7 wind drakes
  11 raiju
  A harpy skeleton (Tomb:2)
  10 snapping turtles
  7 dream sheep
  3 stone giant simulacra
  A slime creature (shapeshifter) (Vaults:5)
  2 ettin skeletons
  A fire giant simulacrum (Vaults:3)
  A culicivora (shapeshifter) (Elf:1)
  87 slime creatures
  An elf zombie (Vaults:3)
  A slime creature zombie (Crypt:2)
  52 yaks
  3 wyverns
  2 centaur simulacra (Gauntlet)
  2 dire elephant simulacra
  12 air elementals
  A shadow (D:10)
  A black mamba zombie (Crypt:2)
  27 water elementals
  5 humans (D:14)
  2 vampires
  17 ushabtiu
  11 spriggans (Lair:5)
  9 wraiths
  27 ynoxinuls
  8 fire elementals
  Grum (D:9)
  4 basilisks
  A yak (shapeshifter) (Abyss:3)
  2 wargs
  4 golden eyes (Zot:4)
  19 chaos spawn
  7 steam dragons (Lair:4)
  8 vampire mosquitoes
  20 neqoxecs
  3 swamp worms (Gauntlet)
  32 nagas
  A human zombie (Zig:4)
  A demonspawn zombie (Crypt:3)
  A fire bat zombie (Crypt:1)
  3 hydra simulacra
  9 harpy simulacra
  24 water moccasins
  A water nymph skeleton (Crypt:1)
  3 hell hounds (Pan)
  A two-headed ogre zombie (Crypt:1)
  54 orc warriors
  A sky beast (D:7)
  3 ice beasts
  4 black bears
  3 small abominations (Abyss:3)
  3 ettin simulacra
  22 laughing skulls
  10 ogres
  5 boggarts (Lair:5)
  42 wolves
  27 starcursed masses (Abyss:3)
  9 centaurs
  A rime drake zombie (Crypt:2)
  2 phantoms
  A weeping skull (D:13)
  4 kobold brigands
  13 earth elementals
  A fire crab zombie (Crypt:2)
  A komodo dragon zombie (Crypt:3)
  12 bullfrogs
  A warg zombie (Crypt:1)
  4 scorpions (D:5)
  10 wights
  A wyvern skeleton (Crypt:1)
  9 killer bees (D:9)
  7 electric eels
  2 howler monkeys (D:10)
  3 bombardier beetles
  A bullfrog zombie (Crypt:3)
  4 hounds
  An iron imp (Abyss:3)
  A black bear zombie (Crypt:3)
  36 orc priests
  6 jellies
  2 gnoll boudas
  3 sleepcaps
  2 iguanas (D:6)
  5 hell rats (Hell)
  16 orc wizards
  A boggart simulacrum (Gauntlet)
  55 mummies
  8 adders
  15 gnolls
  2 white imps
  An ufetubus (Vaults:5)
  A ribbon worm (D:10)
  2 dart slugs
  111 orcs
  10 endoplasms
  3 giant cockroaches
  3 goblins
  9 hobgoblins
  2 quokkas (D:2)
  A river rat zombie (Crypt:2)
  6 ball pythons
  A ball python skeleton (Crypt:1)
  4 bats
  3 frilled lizards
  A giant cockroach zombie (Crypt:2)
  20 kobolds
  An orc skeleton (Crypt:3)
  A quokka skeleton (Crypt:1)
  7 rats
  A spectral orc (D:13)
  4 aspiring fleshes
  A ball lightning (Pan)
  4 butterflies
  2 creeping infernos
  7 fire vortices
  A starspawn tentacle (Abyss:3)
  11 tentacles
3919 creatures vanquished.

Vanquished Creatures (collateral kills)
  A wight (D:6)
1 creature vanquished.

Vanquished Creatures (others)
  A tentacled monstrosity (Abyss:3)
  A kraken (Abyss:3)
  An ancient champion (Tomb:3)
  A draconian shifter (Zot:2)
  A shard shrike simulacrum (Coc:7)
  A demonspawn blood saint (Pan)
  A war gargoyle (Zig:8)
  A green death (Pan)
  A mummy priest (Tomb:3)
  A caustic shrike simulacrum (Coc:7)
  A jorogumo (Pan)
  A shadow demon (Pan)
  A spriggan simulacrum (Coc:4)
  A deep elf zephyrmancer (Elf:2)
  A yaktaur (Vaults:1)
  An anaconda simulacrum (Coc:4)
  4 guardian mummies (Tomb:3)
  A hellwing (Pan)
  A tyrant leech (Zig:3)
  A dire elephant simulacrum (Coc:4)
  A yak (D:7)
  A water elemental (Elf:2)
  3 ushabtiu (Tomb:3)
  A neqoxec (Pan)
  A naga (Snake:1)
  A hydra simulacrum (Coc:4)
  2 wights (D:6)
  A quasit (Abyss:3)
  A starcursed mass (Abyss:3)
  2 orcs (Orc:2)
  16 ball lightnings
  A starspawn tentacle (Abyss:3)
  18 tentacles
72 creatures vanquished.

Grand Total: 3992 creatures vanquished

Notes
Turn   | Place    | Note
-------+----------+-------------------------------------------
     0 | D:1      | bakla the Troll Alchemist began the quest for the Orb.
     0 | D:1      | Reached XP level 1. HP: 16/16 MP: 1/1
   102 | D:1      | Reached skill level 1 in Unarmed Combat
   102 | D:1      | Reached XP level 2. HP: 23/26 MP: 2/2
   161 | D:1      | Reached skill level 1 in Fighting
   168 | D:1      | Found a faded altar of an unknown god.
   340 | D:1      | Reached XP level 3. HP: 33/33 MP: 3/3
   884 | D:2      | Reached XP level 4. HP: 42/42 MP: 4/4
  1340 | D:3      | Reached XP level 5. HP: 49/50 MP: 5/5
  1445 | D:3      | Found a burning altar of Makhleb.
  2045 | D:4      | Identified the +3 ring mail "Diatz" {rCorr}
  2065 | D:4      | Reached XP level 6. HP: 61/61 MP: 6/6
  2526 | D:5      | Entered Level 5 of the Dungeon
  2568 | D:5      | Noticed an ice beast
  2714 | D:5      | Reached skill level 5 in Unarmed Combat
  2714 | D:5      | Reached XP level 7. HP: 64/70 MP: 7/7
  3289 | D:5      | Reached skill level 5 in Fighting
  3403 | D:6      | Reached XP level 8. HP: 80/80 MP: 8/8
  3671 | D:6      | Found a glowing golden altar of the Shining One.
  3857 | D:6      | Found a staircase to the Ecumenical Temple.
  3866 | Temple   | Entered the Ecumenical Temple
  3895 | Temple   | Became a worshipper of the Wu Jian Council
  4428 | D:7      | Reached XP level 9. HP: 48/92 MP: 9/9
  4465 | D:7      | Reached * piety under Wu Jian
  4954 | D:7      | Found Jezaihob's Antique Armour Shop.
  4982 | D:7      | Reached skill level 10 in Unarmed Combat
  5066 | D:7      | Found a shimmering blue altar of Sif Muna.
  5120 | D:8      | Noticed Psyche
  5163 | D:8      | Reached ** piety under Wu Jian
  5177 | D:8      | Reached XP level 10. HP: 103/104 MP: 10/10
  5236 | D:8      | Found an iron altar of Okawaru.
  5299 | D:8      | Found a broken altar of Ashenzari.
  5327 | D:8      | Found Tattie's Fire Supplies.
  5675 | D:9      | Noticed Erolcha
  5686 | D:9      | Killed Erolcha
  5687 | D:9      | Found a shadowy altar of Dithmenos.
  6112 | D:9      | Found a staircase to the Orcish Mines.
  6113 | D:9      | Reached *** piety under Wu Jian
  6130 | D:9      | Found Juluapeo's Armour Shoppe.
  6297 | D:9      | Found a staircase to the Lair.
  6522 | D:9      | Noticed Grum
  6531 | D:9      | Killed Grum
  6533 | D:9      | Reached skill level 10 in Fighting
  6790 | D:9      | Found a stormy altar of Qazlal.
  7146 | D:10     | Entered Level 10 of the Dungeon
  7175 | D:10     | Identified a scroll of acquirement
  7175 | D:10     | Acquired the +0 hat "Oxukhu" {Rampage *Slow +Inv}
  7208 | D:10     | Found a white marble altar of Elyvilon.
  7215 | D:10     | Found a radiant altar of Vehumet.
  7269 | D:10     | Found a hazy altar of Hepliaklqana.
  7308 | D:10     | Noticed Harold
  7316 | D:10     | Reached XP level 11. HP: 116/117 MP: 11/11
  7339 | D:10     | Killed Harold
  7384 | D:10     | Noticed a two-headed ogre
  7402 | D:10     | Killed a two-headed ogre
  7421 | D:10     | Noticed Maggie
  7433 | D:10     | Killed Maggie
  7509 | D:10     | Found a shimmering altar of Xom.
  7640 | D:10     | Found a snail-covered altar of Cheibriados.
  7946 | D:11     | Found a gate leading to a gauntlet.
  7957 | Gauntlet | Entered a Gauntlet
  7957 | Gauntlet | Noticed a soul eater
  7957 | Gauntlet | Found a transporter.
  7957 | Gauntlet | Found a transporter.
  7957 | Gauntlet | Found a transporter.
  7958 | Gauntlet | Found a transporter.
  7961 | Gauntlet | Found a transporter.
  7961 | Gauntlet | Found a transporter.
  7971 | Gauntlet | Found a transporter.
  7975 | Gauntlet | Found a transporter.
  7986 | Gauntlet | Noticed a death drake
  7989 | Gauntlet | Found a transporter.
  8086 | Gauntlet | Found a transporter.
  8090 | Gauntlet | Found a transporter.
  8102 | Gauntlet | Found a transporter.
  8194 | Gauntlet | Reached **** piety under Wu Jian
  8256 | Gauntlet | Identified the +2 pair of gloves "Inoc" {Harm rPois rF+++
                  | rC-}
  8442 | Gauntlet | Identified the ring of Uwuliq {EV+5 Str+2}
  8446 | Gauntlet | Identified the ring "Beacrun" {rElec rN+}
  8466 | Gauntlet | Noticed a minotaur
  8468 | Gauntlet | Killed a minotaur
  8476 | Gauntlet | Identified the +2 ring mail of Mordant Mirth {Regen+ Dex+8
                  | Stlth-}
  8568 | D:11     | Noticed a two-headed ogre
  8571 | D:11     | Reached XP level 12. HP: 131/131 MP: 12/12
  8576 | D:11     | Killed a two-headed ogre
  8577 | D:11     | Reached skill level 1 in Shapeshifting
  8653 | D:11     | Found Berraphi's Antique Weapon Boutique.
  8654 | D:11     | Found Qowur's Book Boutique.
  8654 | D:11     | Found Amicumn's General Store.
  8729 | D:11     | Found an opulent altar of Gozag.
  9032 | D:12     | Noticed a centaur warrior
  9048 | D:12     | Killed a centaur warrior
  9228 | D:12     | Noticed a two-headed ogre
  9234 | D:12     | Killed a two-headed ogre
  9260 | D:12     | Reached skill level 15 in Unarmed Combat
  9736 | D:11     | Bought a potion of resistance for 130 gold pieces
  9736 | D:11     | Bought a scroll of identify for 26 gold pieces
  9736 | D:11     | Bought a potion of mutation for 104 gold pieces
  9736 | D:11     | Bought a scroll of silence for 123 gold pieces
 10022 | D:13     | Noticed a centaur warrior
 10032 | D:13     | Noticed a centaur warrior
 10060 | D:13     | Killed a centaur warrior
 10072 | D:13     | Killed a centaur warrior
 10166 | D:13     | Noticed a two-headed ogre
 10208 | D:13     | Reached skill level 5 in Shapeshifting
 10218 | D:13     | Killed a two-headed ogre
 10291 | D:13     | Reached XP level 13. HP: 141/141 MP: 13/13
 10583 | D:13     | Found a basalt altar of Yredelemnul.
 10909 | Lair:1   | Entered Level 1 of the Lair of Beasts
 11000 | Lair:1   | Noticed Nergalle
 11003 | Lair:1   | Killed Nergalle
 11693 | Lair:2   | Reached ***** piety under Wu Jian
 11979 | Lair:2   | Found a staircase to the Snake Pit.
 12124 | Lair:2   | Found a staircase to the Shoals.
 12814 | Lair:3   | Reached XP level 14. HP: 128/153 MP: 14/14
 13306 | Lair:4   | Reached skill level 10 in Shapeshifting
 13326 | Lair:4   | Identified the +0 shortbow "Teakhesi" {heavy, Str-3 SInv
                  | Stlth+}
 13725 | Lair:5   | Entered Level 5 of the Lair of Beasts
 13744 | Lair:5   | Found a staircase to the Slime Pits.
 13799 | Lair:5   | Paralysed by a hornet for 1 turns
 14055 | Lair:5   | Got an earthy gem with 639 turns to spare
 14060 | Lair:5   | Identified the +10 quarterstaff "Baphalu" {protect, rF+ rN+
                  | Str-3 Dex+3}
 14261 | Lair:5   | Reached ****** piety under Wu Jian
 14605 | Orc:1    | Entered Level 1 of the Orcish Mines
 14639 | Orc:1    | Found Dushis's Overcharged Wands.
 15159 | Orc:2    | Entered Level 2 of the Orcish Mines
 15214 | Orc:2    | Found Isaobuko's General Store.
 15231 | Orc:2    | Found Ruiv Ekou's General Store.
 15251 | Orc:2    | Found a roughly hewn altar of Beogh.
 15280 | Orc:2    | Reached XP level 15. HP: 150/165 MP: 15/15
 15793 | Orc:2    | Found a staircase to the Elven Halls.
 16138 | Orc:2    | Found Qyib's Distillery.
 16170 | Orc:2    | Found a roughly hewn altar of Beogh.
 16207 | Orc:2    | Found Hooh Saubo's General Store.
 16276 | Orc:2    | Bought a potion of haste for 160 gold pieces
 16286 | Orc:2    | Bought a book of Battle for 260 gold pieces
 16354 | Orc:1    | Learned a level 3 spell: Fugue of the Fallen
 16446 | Snake:1  | Entered Level 1 of the Snake Pit
 16598 | Snake:1  | Reached skill level 15 in Fighting
 16602 | Snake:1  | Reached skill level 1 in Necromancy
 17396 | Snake:2  | Identified the +8 rapier "Oxyigum" {flame, rCorr Int+3}
 17588 | Snake:2  | Reached XP level 16. HP: 82/176 MP: 19/19
 18042 | Snake:2  | Identified the serpent talisman of the Neverending Runes
                  | {rC+ Str+5 Dex-4}
 18042 | Snake:2  | Noticed Aizul
 18378 | Snake:2  | Killed Aizul
 18434 | Snake:2  | Reached skill level 5 in Necromancy
 18722 | Snake:3  | Found Hisuf's General Store.
 18722 | Snake:3  | Found Tadeasa's Distillery.
 18723 | Snake:3  | Found Qavek's Distillery.
 18725 | Snake:3  | Found Teriuwn's Weapon Shoppe.
 18772 | Snake:3  | Bought a potion of invisibility for 112 gold pieces
 18772 | Snake:3  | Bought a potion of cancellation for 112 gold pieces
 18772 | Snake:3  | Bought 2 potions of might for 112 gold pieces
 18772 | Snake:3  | Bought a potion of resistance for 140 gold pieces
 18772 | Snake:3  | Bought a potion of mutation for 112 gold pieces
 18776 | Snake:3  | Bought a scroll of immolation for 72 gold pieces
 18776 | Snake:3  | Bought a scroll of teleportation for 54 gold pieces
 18776 | Snake:3  | Bought a potion of berserk rage for 90 gold pieces
 18782 | Snake:3  | Bought a potion of heal wounds for 55 gold pieces
 18782 | Snake:3  | Bought a potion of mutation for 88 gold pieces
 18782 | Snake:3  | Bought a potion of curing for 33 gold pieces
 18782 | Snake:3  | Bought a potion of curing for 33 gold pieces
 18782 | Snake:3  | Bought 2 potions of invisibility for 176 gold pieces
 20173 | Snake:4  | Entered Level 4 of the Snake Pit
 20792 | Snake:4  | Identified the ring of the Burgomaster {Will- Str+5 Int+6}
 20864 | Snake:4  | Reached XP level 17. HP: 140/188 MP: 20/20
 21688 | Snake:4  | Got a serpentine rune of Zot
 21927 | Shoals:1 | Entered Level 1 of the Shoals
 22064 | Shoals:1 | Reached skill level 15 in Shapeshifting
 22850 | Shoals:2 | You fall into a shaft and drop 1 floor!
 23014 | Shoals:2 | Noticed a kraken
 23023 | Shoals:2 | Killed a kraken
 23143 | Shoals:2 | Noticed a kraken
 23152 | Shoals:2 | Killed a kraken
 23213 | Shoals:2 | Noticed Ilsuiw
 23225 | Shoals:2 | Killed Ilsuiw
 24487 | Shoals:3 | Reached XP level 18. HP: 188/202 MP: 21/21
 24662 | Shoals:4 | Entered Level 4 of the Shoals
 24912 | Shoals:4 | Found a transporter.
 24914 | Shoals:4 | Found a transporter.
 24916 | Shoals:4 | Noticed rbyellow5's ghost (adept OnWr)
 25519 | Shoals:4 | Identified the +1 ring mail of the Midnight Sun {Str+6}
 25640 | Shoals:4 | Got a barnacled rune of Zot
 25878 | Shoals:4 | Got Upogyusm's Handbook of Bodies and Fate
 26295 | Elf:1    | Entered Level 1 of the Elven Halls
 26607 | Elf:1    | Found Hityj's One-of-a-Kind Books.
 26917 | Elf:1    | Found Xupam's Antique Armour Shop.
 26919 | Elf:1    | Found Gaujenad's Distillery.
 26921 | Elf:1    | Found Wuveyv's Antique Weapon Shop.
 26935 | Elf:1    | Bought a potion of heal wounds for 70 gold pieces
 26935 | Elf:1    | Bought a potion of heal wounds for 70 gold pieces
 26935 | Elf:1    | Bought a potion of haste for 140 gold pieces
 26935 | Elf:1    | Bought a potion of might for 56 gold pieces
 26935 | Elf:1    | Bought a potion of might for 56 gold pieces
 27020 | Elf:1    | Noticed Norris
 27034 | Elf:1    | Killed Norris
 28305 | Elf:2    | Noticed Roxanne
 28335 | Elf:2    | Killed Roxanne
 28556 | Elf:2    | Found a runed translucent gate.
 28556 | Elf:2    | Found a runed translucent gate.
 28556 | Elf:2    | Found a runed translucent gate.
 28688 | Elf:3    | Entered Level 3 of the Elven Halls
 29180 | Elf:3    | Found Xuucw's Weapon Emporium.
 29213 | Elf:3    | Found Yhotu's Assorted Antiques.
 29226 | Elf:3    | Bought a transparent wooden ring for 160 gold pieces
 29226 | Elf:3    | Identified the ring of Due Proportion {rCorr MP+9 Int-3
                  | Dex+3} (You bought it in a shop on level 3 of the Elven
                  | Halls)
 29226 | Elf:3    | Bought a scroll labelled REANIAL HOOF for 32 gold pieces
 29226 | Elf:3    | Bought a potion of haste for 320 gold pieces
 29261 | Elf:3    | Found Wopowum's Distillery.
 29266 | Elf:3    | Bought 2 potions of heal wounds for 140 gold pieces
 29285 | Elf:3    | Reached skill level 1 in Shields
 29463 | Elf:3    | Reached XP level 19. HP: 213/215 MP: 22/22
 29502 | Elf:3    | Found Wonupyen's Assorted Antiques.
 29659 | Elf:3    | Found Haluuf's Jewellery Shop.
 30002 | Elf:3    | Identified the +1 short sword "Batacef" {vamp, Str+5}
 30183 | Elf:3    | Identified the +1 leather armour of Pathos {rElec rN+}
 30204 | Elf:3    | Noticed a Brimstone Fiend
 30348 | Elf:3    | Identified the +2 robe "Nunt" {Str+3}
 30399 | Elf:3    | Identified the +6 falchion "Xaat" {drain, Dex+2}
 30428 | Elf:3    | Got the Lessons on the Storm
 30438 | Elf:3    | Got Dispater's Compilation of the Quake and the Throng
 30455 | Elf:3    | Got the Discourse on Refined Enchantment
 30459 | Elf:3    | Got the Incunable of the Promethean Gathering
 30493 | Elf:3    | Identified the staff of the Six Seas {rF+ rC+ Will- rCorr
                  | SInv Fire}
 30793 | D:14     | Noticed Rupert
 30799 | D:14     | Killed Rupert
 30979 | D:14     | Found a gate to the Vaults.
 30983 | D:14     | Reached skill level 5 in Shields
 31271 | D:15     | Entered Level 15 of the Dungeon
 32003 | D:15     | Found a staircase to the Depths.
 32198 | Vaults:1 | Entered Level 1 of the Vaults
 32769 | Vaults:1 | Noticed Donald
 32929 | Vaults:1 | Identified the +2 broad axe "Nydulug" {chaos, rN+ Dex+3}
 32934 | Vaults:1 | Killed Donald
 32935 | Vaults:1 | Reached XP level 20. HP: 228/228 MP: 5/23
 33208 | Vaults:1 | Found Xiegesi's Weapon Emporium.
 33676 | Vaults:2 | Identified the orb of Wesaawucs {light, +Blink rF+ Str-5}
 33676 | Vaults:2 | Noticed Frederick
 33687 | Vaults:2 | Found Abouh's Armour Shop.
 33773 | Vaults:2 | Upgraded the game from 0.32-a0-329-ge6c31236d6 to
                  | 0.32-a0-350-g4f4d228785
 33935 | Vaults:2 | Killed Frederick
 33948 | Vaults:2 | Acquired the +1 hat of Nulid {Fly rC+ rCorr}
 34926 | Vaults:3 | Found Qurheol's Antique Weapon Shop.
 35003 | Vaults:3 | Found Quxkiewoy's Antique Armour Shoppe.
 35136 | Vaults:3 | Noticed Asterion
 35139 | Vaults:3 | Killed Asterion
 35356 | Vaults:3 | Found a staircase to the Crypt.
 35598 | Vaults:3 | Found the +18 shield of the Gong {Loud rN+ Will+ rCorr
                  | EV-5}
 35675 | Vaults:3 | You are sucked into a shaft and drop 1 floor!
 35687 | Vaults:4 | Paralysed by a sphinx for 3 turns
 35876 | Vaults:4 | Reached skill level 10 in Shields
 36121 | Vaults:4 | Reached XP level 21. HP: 237/239 MP: 17/26
 37210 | Vaults:5 | Entered Level 5 of the Vaults
 37213 | Abyss:3  | Cast into level 3 of the Abyss (vault guard)
 37225 | Abyss:3  | Found a corrupted altar of Lugonu.
 37244 | Abyss:3  | Found a corrupted altar of Lugonu.
 37263 | Abyss:3  | Found a corrupted altar of Lugonu.
 37371 | Vaults:5 | Escaped the Abyss
 37374 | Vaults:5 | Noticed a golden dragon
 37423 | Vaults:5 | Reached skill level 5 in Dodging
 37426 | Vaults:5 | Reached skill level 5 in Spellcasting
 37458 | Vaults:5 | Killed a golden dragon
 37521 | Vaults:5 | Noticed a golden dragon
 37522 | Vaults:5 | Killed a golden dragon
 37623 | Vaults:5 | Identified the +9 shortbow of Fate {freeze, Will+ Int+3
                  | SInv}
 37628 | Vaults:5 | Reached XP level 22. HP: 248/248 MP: 24/28
 37706 | Vaults:5 | Got Eroqufic's Compilation of Incandescence and Carcasses
 38331 | Vaults:5 | Got a silver rune of Zot
 38766 | Crypt:1  | Entered Level 1 of the Crypt
 38776 | Crypt:1  | Reached skill level 10 in Dodging
 38924 | Crypt:1  | Reached skill level 15 in Shields
 39247 | Crypt:1  | Paralysed by something for 3 turns
 39507 | Crypt:1  | Found a runed translucent gate.
 39508 | Crypt:1  | Found a runed translucent gate.
 39509 | Crypt:1  | Found a runed translucent gate.
 39509 | Crypt:1  | Noticed Dyigyrgh's ghost (adept GrFi)
 39513 | Crypt:1  | Found an iron altar of Okawaru.
 39526 | Crypt:1  | Killed Dyigyrgh's ghost
 39871 | Crypt:1  | Acquired 710 gold pieces
 39872 | Crypt:1  | Acquired the ring "Zuer" {rF++ Int+6}
 39873 | Crypt:1  | Acquired the +10 tower shield of Ignorance {rN+ Int-4}
 39873 | Crypt:1  | Found the +10 tower shield of Ignorance {rN+ Int-4}
 39883 | Crypt:1  | Identified the +1 robe "Zonaec" {rPois rN+ Int+4 Dex-3}
 40291 | Crypt:2  | Noticed Saint Roka
 40306 | Crypt:2  | Killed Saint Roka
 40379 | Crypt:2  | Found an ancient bone altar of Kikubaaqudgha.
 40773 | Crypt:3  | Entered Level 3 of the Crypt
 40968 | Crypt:3  | Found a staircase to the Tomb.
 41111 | Crypt:3  | Reached XP level 23. HP: 257/257 MP: 29/29
 41435 | Crypt:3  | Noticed Xtahua
 41448 | Crypt:3  | Killed Xtahua
 41544 | Crypt:3  | Noticed a curse toe
 41550 | Crypt:3  | Killed a curse toe
 41556 | Crypt:3  | Found an ancient bone altar of Kikubaaqudgha.
 41558 | Crypt:3  | Found a basalt altar of Yredelemnul.
 41701 | Crypt:3  | Got Notenut's Incunabulum of the Necropsy
 41708 | Crypt:3  | Identified the +0 robe of the Abyss {Dex+3}
 41718 | Crypt:3  | Found the +5 moon troll leather armour {Spirit, Regen++
                  | MP+5}
 41734 | Crypt:3  | Identified the ring "Unkoizol" {rPois rN+ Will+ Dex-2}
 41742 | Crypt:3  | Identified the +0 chain mail of the Orb Guardian {rN+
                  | Regen+ Int+2 Dex-2}
 42220 | Depths:1 | Entered Level 1 of the Depths
 42229 | Depths:1 | Found a gateway to Hell.
 42230 | Depths:1 | Found Refuk's Armour Shop.
 42235 | Depths:1 | Found Ajayg's Armour Shoppe.
 42356 | Depths:1 | You are sucked into a shaft and drop 1 floor!
 42498 | Depths:1 | Found an ancient bone altar of Kikubaaqudgha.
 42614 | Depths:1 | Found Jippob's Distillery.
 42641 | Depths:1 | Bought a potion of heal wounds for 105 gold pieces
 42641 | Depths:1 | Bought a potion of curing for 63 gold pieces
 42641 | Depths:1 | Bought a potion of curing for 63 gold pieces
 42641 | Depths:1 | Bought a potion of might for 84 gold pieces
 42641 | Depths:1 | Bought a potion of haste for 210 gold pieces
 42641 | Depths:1 | Bought a potion of resistance for 210 gold pieces
 42713 | Depths:1 | Found an iron altar of Okawaru.
 42820 | Depths:1 | Found Viuw's Assorted Antiques.
 42828 | Depths:1 | Bought a dazzling kite shield for 218 gold pieces
 42828 | Depths:1 | Identified the +0 kite shield of Nasubeys {+Inv Will+
                  | Int-5} (You bought it in a shop on level 1 of the Depths)
 42971 | Depths:1 | Found Leblom's General Store.
 43054 | Depths:2 | Paralysed by an air elemental for 1 turns
 43060 | Depths:2 | Paralysed by an air elemental for 1 turns
 43246 | Depths:2 | Paralysed by an air elemental for 1 turns
 43497 | Depths:2 | Got the Atlas of Enchantment
 43534 | Depths:2 | Paralysed by an air elemental for 1 turns
 43537 | Depths:2 | Paralysed by an air elemental for 1 turns
 43920 | Depths:2 | Identified the +1 great sword of the Eel {freeze, Int+6}
 44041 | Depths:2 | Found a one-way gate leading to the halls of Pandemonium.
 44096 | Depths:2 | Identified the +7 shortbow "Giothraw" {antimagic, Dex+2}
 44234 | Depths:3 | Found a one-way gate to the infinite horrors of the Abyss.
 44285 | Depths:3 | Reached XP level 24. HP: 262/262 MP: 27/29
 44345 | Depths:3 | Found an opulent altar of Gozag.
 44352 | Depths:3 | Noticed a juggernaut
 44362 | Depths:3 | Killed a juggernaut
 44444 | Depths:3 | Identified the +1 robe "Dumof" {rC++ rN+ Int+4}
 44693 | Depths:3 | Identified the ring "Pohytu Aroch" {AC+4 Int+2}
 45298 | Depths:4 | Entered Level 4 of the Depths
 45484 | Depths:4 | Found a one-way gateway to a ziggurat.
 45496 | Zig:1    | Entered Level 1 of a ziggurat
 45510 | Zig:2    | Entered Level 2 of a ziggurat
 45523 | Abyss:3  | Found a corrupted altar of Lugonu.
 45523 | Abyss:3  | Cast into level 3 of the Abyss (a deep elf demonologist)
 45570 | Abyss:3  | Paralysed by accursed screaming for 2 turns
 45576 | Abyss:3  | Paralysed by accursed screaming for 1 turns
 45605 | Abyss:3  | Got an abyssal rune of Zot
 45614 | Abyss:3  | Gained mutation: Potions are less effective at restoring
                  | your health. [a cacodemon]
 45615 | Abyss:3  | Gained mutation: Your body sometimes deteriorates upon
                  | taking damage. [a cacodemon]
 45616 | Abyss:3  | Gained mutation: Your body often deteriorates upon taking
                  | damage. [a cacodemon]
 45664 | Abyss:3  | Found a corrupted altar of Lugonu.
 45678 | Abyss:3  | Lost mutation: Potions are less effective at restoring your
                  | health. [potion of mutation]
 45678 | Abyss:3  | Lost mutation: Your body often deteriorates upon taking
                  | damage. [potion of mutation]
 45678 | Abyss:3  | Lost mutation: Your body sometimes deteriorates upon taking
                  | damage. [potion of mutation]
 45678 | Abyss:3  | Gained mutation: You have sharp toenails. [potion of
                  | mutation]
 45678 | Abyss:3  | Gained mutation: You have a pair of small antennae on your
                  | head. [potion of mutation]
 45703 | Zig:2    | Escaped the Abyss
 45713 | Zig:2    | Identified the +3 battleaxe of the Philosopher {holy,
                  | ^Contam rCorr Str+4 Int+6}
 45718 | Zig:3    | Entered Level 3 of a ziggurat
 45737 | Zig:3    | Identified the ring "Xeekkybung" {rF+ Str+4 Int+6 Stlth-}
 45740 | Zig:4    | Entered Level 4 of a ziggurat
 45768 | Zig:5    | Entered Level 5 of a ziggurat
 45791 | Zig:6    | Entered Level 6 of a ziggurat
 45798 | Zig:6    | Gained mutation: Your body sometimes deteriorates upon
                  | taking damage. [a shining eye]
 45812 | Zig:6    | Identified the ring of Weeri {rF+ rN++}
 45814 | Zig:6    | Identified the amulet of the Crushed Persimmons {Spirit
                  | rPois rN+ Will++}
 45822 | Zig:6    | Identified the ring of Hunen {Fire +Blink rElec rPois
                  | Will-}
 45825 | Zig:7    | Entered Level 7 of a ziggurat
 45864 | Zig:8    | Entered Level 8 of a ziggurat
 45899 | Zig:8    | Reached XP level 25. HP: 82/275 MP: 29/29
 45900 | Zig:8    | Identified the ring "Ateq" {Fly rF- rC+ Int+5 Stlth+}
 46685 | Slime:1  | Entered Level 1 of the Pits of Slime
 46783 | Slime:4  | Gained mutation: Your body often deteriorates upon taking
                  | damage. [a shining eye]
 46802 | Slime:5  | Entered Level 5 of the Pits of Slime
 46825 | Slime:5  | Gained mutation: You expend magic power (3 MP) to
                  | strengthen your wands. [a shining eye]
 46855 | Slime:5  | Noticed the Royal Jelly
 46882 | Slime:5  | Killed the Royal Jelly
 46895 | Slime:5  | Reached XP level 26. HP: 266/284 MP: 29/29
 46914 | Slime:5  | Identified the +7 mace "Qemuzo" {pain, Will- rCorr Str+4
                  | Int-2}
 46915 | Slime:5  | Got a starry gem with 285 turns to spare
 46917 | Slime:5  | Got a slimy rune of Zot
 46962 | Slime:5  | Got Kikubaaqudgha's Codex of Abhorrent Words
 46964 | Slime:5  | Identified the +4 great sword "Qoelia" {protect, *Slow
                  | rPois Int+2}
 46965 | Slime:5  | Identified the +3 whip of Fragile Peace {speed, rC- rN+
                  | Int+5}
 46989 | Slime:5  | Gained mutation: Your spells are a little easier to cast,
                  | but a little less powerful. [a shining eye]
 46992 | Slime:5  | Gained mutation: You occasionally shout uncontrollably at
                  | your foes. [a shining eye]
 47013 | Slime:5  | Found the +2 Maxwell's thermic engine {flame, freeze, rev}
 47065 | Slime:5  | Found the ring of the Mage {Wiz Archmagi}
 47070 | Slime:5  | Identified the +0 hand axe of Cobemics {flame, Fly rElec
                  | rC+}
 47585 | Pan      | Entered Pandemonium
 47657 | Pan      | Lost mutation: You have sharp toenails. [potion of
                  | mutation]
 47657 | Pan      | Lost mutation: You have a pair of small antennae on your
                  | head. [potion of mutation]
 47657 | Pan      | Gained mutation: You occasionally lose the ability to read
                  | scrolls when taking damage. [potion of mutation]
 47657 | Pan      | Gained mutation: You have an increased reservoir of magic.
                  | (+10% MP) [potion of mutation]
 47658 | Pan      | Lost mutation: Your body often deteriorates upon taking
                  | damage. [potion of mutation]
 47658 | Pan      | Lost mutation: You expend magic power (3 MP) to strengthen
                  | your wands. [potion of mutation]
 47658 | Pan      | Gained mutation: You have hidden genetic potential. [potion
                  | of mutation]
 47658 | Pan      | Gained mutation: Your body often deteriorates upon taking
                  | damage. [potion of mutation]
 47658 | Pan      | Gained mutation: You have great hidden genetic potential.
                  | [potion of mutation]
 47658 | Pan      | Gained mutation: You are covered in thick fur. (AC +2)
                  | [potion of mutation]
 47659 | Pan      | Lost mutation: Your body often deteriorates upon taking
                  | damage. [potion of mutation]
 47659 | Pan      | Lost mutation: You occasionally lose the ability to read
                  | scrolls when taking damage. [potion of mutation]
 47659 | Pan      | Gained mutation: You expend magic power (3 MP) to
                  | strengthen your wands. [potion of mutation]
 47659 | Pan      | Lost mutation: Your body sometimes deteriorates upon taking
                  | damage. [potion of mutation]
 47659 | Pan      | Gained mutation: You have a somewhat thin skeletal
                  | structure. (Dex +2, Stealth+) [potion of mutation]
 47722 | Pan      | Entered the realm of Cerebov.
 47764 | Pan      | Found the +6 sword of Cerebov {flame}
 47764 | Pan      | Noticed Cerebov
 47782 | Pan      | Killed Cerebov
 47794 | Pan      | Got a fiery rune of Zot
 47813 | Pan      | Identified the +2 sling "Demonbane" {drain, rN+ SInv}
 47820 | Pan      | Got the Folio of Confrontation
 47860 | Pan      | Identified the +6 short sword "Qimmuow" {flame, rN+ Will-
                  | SInv}
 47888 | Pan      | Identified the staff "Homm" {rElec rPois Dex-5 Conj Summ
                  | Air}
 48182 | Pan      | Gained mutation: Your body sometimes deteriorates upon
                  | taking damage. [a cacodemon]
 48185 | Pan      | Gained mutation: You sometimes lose your temper in combat.
                  | [a cacodemon]
 48222 | Pan      | Noticed Feiczeen the pandemonium lord
 48252 | Pan      | Entered the realm of Gloorx Vloq.
 48263 | Pan      | Found a burning altar of Makhleb.
 48278 | Pan      | Lost mutation: You sometimes lose your temper in combat.
                  | [potion of mutation]
 48278 | Pan      | Lost mutation: Your spells are a little easier to cast, but
                  | a little less powerful. [potion of mutation]
 48278 | Pan      | Lost mutation: You expend magic power (3 MP) to strengthen
                  | your wands. [potion of mutation]
 48278 | Pan      | Gained mutation: Your movements are slightly less
                  | encumbered by armour. (ER -2) [potion of mutation]
 48278 | Pan      | Gained mutation: Your health recovers twice as slowly from
                  | being drained. [potion of mutation]
 48643 | Pan      | Noticed Gloorx Vloq
 48652 | Pan      | Killed Gloorx Vloq
 48683 | Pan      | Got a dark rune of Zot
 48845 | Pan      | Noticed Yprujoti the pandemonium lord
 48858 | Pan      | Killed Yprujoti the pandemonium lord
 48866 | Pan      | Gained mutation: You frequently scream uncontrollably at
                  | your foes. [a cacodemon]
 49040 | Pan      | Found an exit through the horrors of the Abyss.
 49341 | Pan      | Found an exit through the horrors of the Abyss.
 49389 | Pan      | Reached XP level 27. HP: 243/293 MP: 22/32
 49580 | Pan      | Entered the realm of Lom Lobon.
 49608 | Pan      | Gained mutation: Your flesh is cold resistant. (rC+)
                  | [hidden potential]
 49744 | Pan      | Noticed Lom Lobon
 49756 | Pan      | Killed Lom Lobon
 49773 | Pan      | Got a magical rune of Zot
 49845 | Pan      | Entered the realm of Mnoleg.
 49857 | Pan      | Lost mutation: You have an increased reservoir of magic.
                  | (+10% MP) [a cacodemon]
 49860 | Pan      | Lost mutation: You have great hidden genetic potential. [a
                  | neqoxec]
 49870 | Pan      | Gained mutation: Potions are less effective at restoring
                  | your health. [a neqoxec]
 49972 | Pan      | Gained mutation: You occasionally lose the ability to read
                  | scrolls when taking damage. [a neqoxec]
 49994 | Pan      | Noticed Mnoleg
 49994 | Pan      | Gained mutation: You are clumsy. (Dex -2) [a neqoxec]
 50007 | Pan      | Killed Mnoleg
 50009 | Pan      | Gained mutation: You are frail. (-10% HP) [a shining eye]
 50013 | Pan      | Gained mutation: You are occasionally teleported next to
                  | monsters. [a shining eye]
 50038 | Pan      | Lost mutation: You have a somewhat thin skeletal structure.
                  | (Dex +2, Stealth+) [potion of mutation]
 50038 | Pan      | Lost mutation: You are covered in thick fur. (AC +2)
                  | [potion of mutation]
 50038 | Pan      | Lost mutation: You are occasionally teleported next to
                  | monsters. [potion of mutation]
 50038 | Pan      | Gained mutation: Your system is resistant to poisons.
                  | (rPois) [potion of mutation]
 50038 | Pan      | Gained mutation: You are strong-willed. (Will+) [potion of
                  | mutation]
 50163 | Pan      | Got a glowing rune of Zot
 50212 | Pan      | Gained mutation: You are very frail. (-20% HP) [a neqoxec]
 50289 | Pan      | Gained mutation: You occasionally lose the ability to drink
                  | potions when taking damage. [a neqoxec]
 50374 | Pan      | Found an exit through the horrors of the Abyss.
 50396 | Pan      | Gained mutation: You sometimes lose the ability to read
                  | scrolls when taking damage. [a cacodemon]
 50564 | Pan      | Noticed Wyucw the pandemonium lord
 50838 | Pan      | Noticed Mogun the pandemonium lord
 50842 | Pan      | Killed Mogun the pandemonium lord
 50856 | Pan      | Learned a level 1 spell: Apportation
 50895 | Pan      | Noticed Othri the pandemonium lord
 50898 | Pan      | Killed Othri the pandemonium lord
 50904 | Pan      | Reached skill level 1 in Translocations
 50930 | Pan      | Lost mutation: You occasionally lose the ability to drink
                  | potions when taking damage. [potion of mutation]
 50930 | Pan      | Lost mutation: Your flesh is cold resistant. (rC+) [potion
                  | of mutation]
 50930 | Pan      | Lost mutation: You have hidden genetic potential. [potion
                  | of mutation]
 50930 | Pan      | Gained mutation: You possess an exceptional clarity of
                  | mind. [potion of mutation]
 50931 | Pan      | Lost mutation: You are very frail. (-20% HP) [potion of
                  | mutation]
 50931 | Pan      | Lost mutation: Your health recovers twice as slowly from
                  | being drained. [potion of mutation]
 50931 | Pan      | Lost mutation: You sometimes lose the ability to read
                  | scrolls when taking damage. [potion of mutation]
 50931 | Pan      | Gained mutation: You expend magic power (3 MP) to
                  | strengthen your wands. [potion of mutation]
 50932 | Pan      | Lost mutation: You frequently scream uncontrollably at your
                  | foes. [potion of mutation]
 50932 | Pan      | Lost mutation: Your movements are slightly less encumbered
                  | by armour. (ER -2) [potion of mutation]
 50932 | Pan      | Lost mutation: You are clumsy. (Dex -2) [potion of
                  | mutation]
 50949 | Pan      | Lost mutation: Your system is resistant to poisons. (rPois)
                  | [potion of mutation]
 50949 | Pan      | Lost mutation: You occasionally lose the ability to read
                  | scrolls when taking damage. [potion of mutation]
 50949 | Pan      | Lost mutation: Your body sometimes deteriorates upon taking
                  | damage. [potion of mutation]
 50949 | Pan      | Gained mutation: Your system is resistant to poisons.
                  | (rPois) [potion of mutation]
 50950 | Pan      | Lost mutation: You occasionally shout uncontrollably at
                  | your foes. [potion of mutation]
 50950 | Pan      | Lost mutation: You are frail. (-10% HP) [potion of
                  | mutation]
 50950 | Pan      | Gained mutation: You have a pair of small horns on your
                  | head. [potion of mutation]
 50950 | Pan      | Gained mutation: You are frail. (-10% HP) [potion of
                  | mutation]
 50950 | Pan      | Gained mutation: Your flesh is heat resistant. (rF+)
                  | [potion of mutation]
 50994 | Pan      | Lost mutation: You possess an exceptional clarity of mind.
                  | [a neqoxec]
 50995 | Pan      | Noticed Apnuwaokei the pandemonium lord
 51024 | Pan      | Found an exit through the horrors of the Abyss.
 51041 | Pan      | Reached skill level 1 in Invocations
 51091 | Pan      | Killed Apnuwaokei the pandemonium lord
 51254 | Pan      | Noticed Qeasaps the pandemonium lord
 51266 | Pan      | Killed Qeasaps the pandemonium lord
 51379 | Pan      | Found a transporter.
 51379 | Pan      | Found a transporter.
 51515 | Pan      | Found an exit through the horrors of the Abyss.
 51528 | Pan      | Found an exit through the horrors of the Abyss.
 51632 | Pan      | Noticed Barr the pandemonium lord
 51637 | Pan      | Killed Barr the pandemonium lord
 51660 | Pan      | Gained mutation: You occasionally shout uncontrollably at
                  | your foes. [a cacodemon]
 51672 | Pan      | Gained mutation: You are vulnerable to cold. (rC-) [a
                  | cacodemon]
 51677 | Pan      | Gained mutation: Armour fits poorly on your strangely
                  | shaped body. [a neqoxec]
 51729 | Pan      | Gained mutation: You sometimes lose your temper in combat.
                  | [a cacodemon]
 51755 | Pan      | Reached skill level 5 in Invocations
 51828 | Pan      | Reached skill level 5 in Translocations
 51859 | Pan      | Found an exit through the horrors of the Abyss.
 51932 | Pan      | Gained mutation: You are dopey. (Int -2) [a cacodemon]
 51955 | Pan      | Noticed Fur Mir the pandemonium lord
 51962 | Pan      | Gained mutation: You are occasionally teleported next to
                  | monsters. [a cacodemon]
 51968 | Pan      | Killed Fur Mir the pandemonium lord
 51970 | Pan      | Gained mutation: You are very dopey. (Int -4) [a cacodemon]
 51971 | Pan      | Gained mutation: Your spells are a little easier to cast,
                  | but a little less powerful. [a cacodemon]
 51973 | Pan      | Gained mutation: You are very frail. (-20% HP) [a
                  | cacodemon]
 52025 | Pan      | Got a demonic rune of Zot
 52124 | Pan      | Took an exit into the Abyss.
 52124 | Abyss:3  | Escaped into the Abyss
 52137 | Depths:2 | Escaped the Abyss
 52138 | Depths:2 | Lost mutation: You are vulnerable to cold. (rC-) [potion of
                  | mutation]
 52138 | Depths:2 | Lost mutation: Your spells are a little easier to cast, but
                  | a little less powerful. [potion of mutation]
 52138 | Depths:2 | Lost mutation: You are strong-willed. (Will+) [potion of
                  | mutation]
 52138 | Depths:2 | Lost mutation: Your system is resistant to poisons. (rPois)
                  | [potion of mutation]
 52138 | Depths:2 | Gained mutation: You are partially covered in iridescent
                  | scales. (AC +2) [potion of mutation]
 52139 | Depths:2 | Lost mutation: Your flesh is heat resistant. (rF+) [potion
                  | of mutation]
 52139 | Depths:2 | Lost mutation: Armour fits poorly on your strangely shaped
                  | body. [potion of mutation]
 52139 | Depths:2 | Gained mutation: You frequently scream uncontrollably at
                  | your foes. [potion of mutation]
 52140 | Depths:2 | Lost mutation: Potions are less effective at restoring your
                  | health. [potion of mutation]
 52140 | Depths:2 | Lost mutation: You are very dopey. (Int -4) [potion of
                  | mutation]
 52140 | Depths:2 | Lost mutation: You are very frail. (-20% HP) [potion of
                  | mutation]
 52140 | Depths:2 | Lost mutation: You are frail. (-10% HP) [potion of
                  | mutation]
 52140 | Depths:2 | Gained mutation: You are clumsy. (Dex -2) [potion of
                  | mutation]
 52141 | Depths:2 | Lost mutation: You are partially covered in iridescent
                  | scales. (AC +2) [potion of mutation]
 52141 | Depths:2 | Lost mutation: You expend magic power (3 MP) to strengthen
                  | your wands. [potion of mutation]
 52141 | Depths:2 | Lost mutation: You frequently scream uncontrollably at your
                  | foes. [potion of mutation]
 52141 | Depths:2 | Lost mutation: You have a pair of small horns on your head.
                  | [potion of mutation]
 52142 | Depths:2 | Lost mutation: You occasionally shout uncontrollably at
                  | your foes. [potion of mutation]
 52142 | Depths:2 | Lost mutation: You sometimes lose your temper in combat.
                  | [potion of mutation]
 52143 | Depths:2 | Lost mutation: You are dopey. (Int -2) [potion of mutation]
 52143 | Depths:2 | Lost mutation: You are occasionally teleported next to
                  | monsters. [potion of mutation]
 52143 | Depths:2 | Lost mutation: You are clumsy. (Dex -2) [potion of
                  | mutation]
 52143 | Depths:2 | Gained mutation: You are agile. (Dex +4, Str/Int -1)
                  | [potion of mutation]
 52143 | Depths:2 | Gained mutation: You are very agile. (Dex +8, Str/Int -2)
                  | [potion of mutation]
 52143 | Depths:2 | Gained mutation: Potions are less effective at restoring
                  | your health. [potion of mutation]
 52143 | Depths:2 | Gained mutation: You are partially covered in iridescent
                  | scales. (AC +2) [potion of mutation]
 52144 | Depths:2 | Lost mutation: Potions are less effective at restoring your
                  | health. [potion of mutation]
 52144 | Depths:2 | Lost mutation: You are very agile. (Dex +8, Str/Int -2)
                  | [potion of mutation]
 52144 | Depths:2 | Lost mutation: You are partially covered in iridescent
                  | scales. (AC +2) [potion of mutation]
 52188 | Hell     | Entered the Vestibule of Hell
 52188 | Hell     | Noticed Geryon
 52200 | Hell     | Killed Geryon
 52263 | Hell     | Found a gateway to the Iron City of Dis.
 52277 | Dis:1    | Entered Level 1 of the Iron City of Dis
 52498 | Dis:5    | Reached skill level 10 in Invocations
 52614 | Dis:7    | Entered Level 7 of the Iron City of Dis
 52679 | Dis:7    | Noticed the Serpent of Hell
 52711 | Dis:7    | Noticed an ancient lich
 52716 | Dis:7    | Killed an ancient lich
 52738 | Dis:7    | Noticed an ancient lich
 52740 | Dis:7    | Killed an ancient lich
 52752 | Dis:7    | Killed the Serpent of Hell
 52775 | Dis:7    | Noticed a dread lich
 52780 | Dis:7    | Killed a dread lich
 52895 | Dis:7    | Noticed a juggernaut
 52899 | Dis:7    | Killed a juggernaut
 52900 | Dis:7    | Noticed Dispater
 52911 | Dis:7    | Killed Dispater
 52924 | Dis:7    | Got an iron rune of Zot
 53107 | Hell     | Found a gateway to the ashen valley of Gehenna.
 53126 | Geh:1    | Entered Level 1 of Gehenna
 53325 | Geh:7    | Entered Level 7 of Gehenna
 53431 | Geh:7    | Reached skill level 15 in Invocations
 53558 | Geh:7    | Found the +13 sceptre of Asmodeus
 53558 | Geh:7    | Noticed Asmodeus
 53566 | Geh:7    | Killed Asmodeus
 53570 | Geh:7    | Got an obsidian rune of Zot
 54161 | Elf:3    | Bought the ring "Kucsyd" {rF+ rC+} for 741 gold pieces
 54460 | Hell     | Found a gateway to the freezing wastes of Cocytus.
 54475 | Coc:1    | Entered Level 1 of Cocytus
 54618 | Coc:4    | Noticed a dread lich
 54622 | Coc:4    | Killed a dread lich
 54653 | Coc:7    | Entered Level 7 of Cocytus
 54764 | Coc:7    | Paralysed by a wendigo for 1 turns
 54887 | Coc:7    | Paralysed by a wendigo for 1 turns
 54917 | Coc:7    | Identified the +0 morningstar of Painful Death {heavy,
                  | rPois rN+ rCorr Stlth+}
 54917 | Coc:7    | Noticed Antaeus
 54947 | Coc:7    | Killed Antaeus
 55001 | Coc:7    | Got an icy rune of Zot
 55113 | Hell     | Found a gateway to the decaying netherworld of Tartarus.
 55141 | Tar:1    | Entered Level 1 of Tartarus
 55157 | Tar:1    | Noticed a dread lich
 55159 | Tar:1    | Noticed a dread lich
 55161 | Tar:1    | Noticed a dread lich
 55161 | Tar:1    | Noticed a dread lich
 55162 | Tar:1    | Killed a dread lich
 55170 | Tar:1    | Killed a dread lich
 55173 | Tar:1    | Killed a dread lich
 55178 | Tar:1    | Killed a dread lich
 55202 | Tar:1    | Noticed a dread lich
 55206 | Tar:1    | Killed a dread lich
 55239 | Tar:2    | Noticed an ancient lich
 55244 | Tar:2    | Killed an ancient lich
 55671 | Tar:7    | Entered Level 7 of Tartarus
 56138 | Tar:7    | Noticed Ereshkigal
 56156 | Tar:7    | Killed Ereshkigal
 56180 | Tar:7    | Got a bone rune of Zot
 56841 | Tomb:1   | Entered Level 1 of the Tomb of the Ancients
 56935 | Tomb:1   | Reached skill level 1 in Armour
 57011 | Tomb:1   | Noticed a royal mummy
 57012 | Tomb:1   | Noticed a royal mummy
 57017 | Tomb:1   | Killed a royal mummy
 57017 | Tomb:1   | Killed a royal mummy
 57018 | Tomb:1   | Noticed a royal mummy
 57031 | Tomb:1   | Killed a royal mummy
 57186 | Tomb:2   | Noticed a royal mummy
 57186 | Tomb:2   | Noticed a royal mummy
 57186 | Tomb:2   | Noticed a royal mummy
 57186 | Tomb:2   | Noticed a royal mummy
 57192 | Tomb:2   | Killed a royal mummy
 57201 | Tomb:2   | Reached skill level 5 in Armour
 57206 | Tomb:2   | Killed a royal mummy
 57208 | Tomb:2   | Killed a royal mummy
 57209 | Tomb:2   | Killed a royal mummy
 57226 | Tomb:2   | Identified the amulet "Suisesm" {rF+ Regen+ SInv}
 57261 | Tomb:1   | Noticed a royal mummy
 57262 | Tomb:1   | Noticed a royal mummy
 57263 | Tomb:1   | Noticed a royal mummy
 57267 | Tomb:1   | Killed a royal mummy
 57273 | Tomb:1   | Killed a royal mummy
 57280 | Tomb:1   | Killed a royal mummy
 57280 | Tomb:1   | Noticed a royal mummy
 57281 | Tomb:1   | Noticed a royal mummy
 57283 | Tomb:1   | Noticed a royal mummy
 57285 | Tomb:1   | Killed a royal mummy
 57285 | Tomb:1   | Killed a royal mummy
 57286 | Tomb:1   | Killed a royal mummy
 57288 | Tomb:1   | Noticed a royal mummy
 57335 | Tomb:1   | Killed a royal mummy
 57361 | Tomb:1   | Noticed a royal mummy
 57361 | Tomb:1   | Noticed a royal mummy
 57363 | Tomb:1   | Noticed a royal mummy
 57366 | Tomb:1   | Killed a royal mummy
 57371 | Tomb:1   | Killed a royal mummy
 57373 | Tomb:1   | Killed a royal mummy
 57382 | Tomb:1   | Noticed a royal mummy
 57386 | Tomb:1   | Killed a royal mummy
 57389 | Tomb:1   | Noticed a royal mummy
 57390 | Tomb:1   | Noticed a royal mummy
 57395 | Tomb:1   | Killed a royal mummy
 57397 | Tomb:1   | Killed a royal mummy
 57407 | Tomb:1   | Noticed a royal mummy
 57412 | Tomb:1   | Killed a royal mummy
 57413 | Tomb:1   | Noticed a royal mummy
 57415 | Tomb:1   | Noticed a royal mummy
 57415 | Tomb:1   | Noticed a royal mummy
 57416 | Tomb:1   | Noticed a royal mummy
 57422 | Tomb:1   | Killed a royal mummy
 57432 | Tomb:1   | Killed a royal mummy
 57432 | Tomb:1   | Killed a royal mummy
 57442 | Tomb:1   | Killed a royal mummy
 57492 | Tomb:1   | Noticed a royal mummy
 57494 | Tomb:1   | Noticed a royal mummy
 57498 | Tomb:1   | Killed a royal mummy
 57502 | Tomb:1   | Killed a royal mummy
 57512 | Tomb:1   | Noticed a royal mummy
 57516 | Tomb:1   | Killed a royal mummy
 57516 | Tomb:1   | Noticed a royal mummy
 57525 | Tomb:1   | Killed a royal mummy
 57526 | Tomb:1   | Noticed a royal mummy
 57528 | Tomb:1   | Noticed a royal mummy
 57532 | Tomb:1   | Killed a royal mummy
 57546 | Tomb:1   | Killed a royal mummy
 57666 | Tomb:3   | Entered Level 3 of the Tomb of the Ancients
 57679 | Tomb:3   | Noticed a royal mummy
 57679 | Tomb:3   | Noticed a royal mummy
 57684 | Tomb:3   | Noticed a royal mummy
 57684 | Tomb:3   | Noticed a royal mummy
 57687 | Tomb:3   | Killed a royal mummy
 57690 | Tomb:3   | Noticed a royal mummy
 57696 | Tomb:3   | Killed a royal mummy
 57697 | Tomb:3   | Reached skill level 10 in Armour
 57697 | Tomb:3   | Noticed a royal mummy
 57704 | Tomb:3   | Killed a royal mummy
 57705 | Tomb:3   | Noticed a royal mummy
 57710 | Tomb:3   | Noticed a royal mummy
 57710 | Tomb:3   | Killed a royal mummy
 57712 | Tomb:3   | Killed a royal mummy
 57717 | Tomb:3   | Killed a royal mummy
 57734 | Tomb:3   | Killed a royal mummy
 57738 | Tomb:3   | Killed a royal mummy
 57753 | Tomb:3   | Got a sanguine gem with 841 turns to spare
 57755 | Tomb:3   | Got a golden rune of Zot
 57843 | Tomb:3   | Noticed a royal mummy
 58496 | Depths:4 | Found a corrupted altar of Lugonu.
 58694 | Depths:4 | Found a gate to the Realm of Zot.
 58715 | Zot:1    | Entered Level 1 of the Realm of Zot
 59015 | Zot:1    | Found the +4 dragonskin cloak
 59015 | Zot:1    | Noticed Tiamat
 59041 | Zot:1    | Killed Tiamat
 59042 | Zot:1    | Reached skill level 27 in Invocations
 59366 | Zot:3    | Reached skill level 27 in Unarmed Combat
 59744 | Zot:5    | Entered Level 5 of the Realm of Zot
 59836 | Zot:5    | Noticed an ancient lich
 59840 | Zot:5    | Killed an ancient lich
 59841 | Zot:5    | Noticed an orb of fire
 59843 | Zot:5    | Killed an orb of fire
 59853 | Zot:5    | Noticed an orb of fire
 59861 | Zot:5    | Killed an orb of fire
 59899 | Zot:5    | Got the Orb of Zot
 59900 | Zot:5    | Noticed an orb of fire
 59905 | Zot:5    | Killed an orb of fire
 59911 | Zot:5    | Noticed an orb of fire
 59916 | Zot:5    | Killed an orb of fire
 59935 | Zot:5    | Noticed Meitaoloac the pandemonium lord
 59946 | Zot:5    | Killed Meitaoloac the pandemonium lord
 60293 | Zot:1    | Noticed Ivill the pandemonium lord
 60298 | Zot:1    | Killed Ivill the pandemonium lord
 60320 | Depths:4 | Noticed a seraph
 60320 | Depths:4 | Identified the +1 tower shield of the Gloaming {rPois rN+}
 60479 | D:14     | Noticed Irateuv the pandemonium lord
 60646 | D:6      | Noticed Xamofol the pandemonium lord
 60672 | D:6      | Killed Xamofol the pandemonium lord
 60801 | Temple   | Fell from the grace of Wu Jian
 60801 | Temple   | Became a worshipper of Kikubaaqudgha
 60902 | D:5      | Noticed Waipn the pandemonium lord
 60916 | D:5      | Killed Waipn the pandemonium lord
 61034 | D:1      | Noticed Kul Wepn the pandemonium lord
 61055 | D:1      | Killed Kul Wepn the pandemonium lord
 61145 | D:1      | Reached * piety under Kikubaaqudgha
 61145 | D:1      | Received a gift from Kikubaaqudgha
 61149 | D:$      | Escaped with the Orb!

Illustrated notes

Levels and vault maps discovered:
D:1:      lightli_arrival_isolated_outpost, layout_basic,
          ebering_ecumenical_altar_sacrificial, moated_statue
D:2:      layout_loops_ring, minmay_misc_feat_iff, amethyst_killhole
D:3:      layout_rooms, mainiacjoe_overflow_surrounded_room
D:4:      layout_loops_ring
D:5:      layout_basic, minmay_misc_feat_columns, st_stairs_3, glass_columns_a
D:6:      layout_loops_corners, nicolae_tso_carved_into_rock, temple_hall
D:7:      hellmonk_ruined_rings, layout_rooms, nicolae_sif_muna_little_library,
          nicolae_take_the_stairs, minmay_misc_feat_chi,
          kennysheep_generic_room_8
D:8:      layout_cave_pools, mainiacjoe_overflow_paths, lemuel_crystal_altar,
          nicolae_shop_fire_sale [nicolae_sub_dead_trees],
          minmay_misc_feat_secret_circle, uniq_psyche
D:9:      layout_layer_cave, lemuel_round_altar,
          nicolae_dithmenos_through_a_glass_darkly, dpeg_oklobed_lair,
          orc_david_3, uniq_erolcha, uniq_grum
D:10:     minmay_skewed_foursquare, layout_rooms, jmf_multi_god_temple,
          cheibrodos_worm_habitat, mainiacjoe_overflow_boulevard,
          xom_butterflies, uniq_maggie, uniq_harold
D:11:     layout_irregular_city, gauntlet_entry_generic,
          nicolae_shop_distant_corner_stores, grunt_gozag_breadcrumbs
D:12:     layout_basic
D:13:     layout_loops_ring, chequers_big_river,
          yredelemnul_forgotten_temple_becter
D:14:     layout_rooms, hellmonk_vaults_keyhole, minmay_misc_feat_pillars,
          uniq_rupert
D:15:     hangedman_depths_entry_try_elsewhere_first, layout_cave_pods,
          serial_bayou, serial_bayou_lake_a, serial_bayou_shore_a,
          serial_bayou_crossing, serial_bayou_pond_c
Temple:   nicolae_temple_bog_church
Lair:1:   layout_small_grid, columned_hall_lemuel, minivault_23,
          chequers_serial_rivers_marsh, nicolae_lair_run_with_the_wolves,
          uniq_nergalle
Lair:2:   layout_cave_shapes, shoals_dummy_entry,
          minmay_snake_entry_guardpost_small, grunt_megastairs_4,
          lemuel_fruit_tree
Lair:3:   layout_hall_layers, lemuel_fruit_fields, grunt_megastairs_5
Lair:4:   layout_small_grid, st_stairs_11, bobbens_dragon_lair_wall,
          infiniplex_staircase_pool_2
Lair:5:   minmay_lair_end_enchanted_forest, layout_long_grid,
          nicolae_slime_entry_slimehenge
Shoals:1: layout_shoals
Shoals:2: layout_shoals, uniq_ilsuiw
Shoals:3: layout_shoals, hangedman_shoals_cup_caves
Shoals:4: shoals_end_hangedman, layout_shoals, ebering_ghost_davey_jones
Snake:1:  layout_onion, grunt_megastairs_2
Snake:2:  nicolae_aizul_guard, layout_honeycomb,
          serial_library_hellmonk_double_dead_end
Snake:3:  layout_chambers, drop_trap, minmay_shoptagon
Snake:4:  snake_pit_salamanders_mu, layout_misc_corridors,
          nicolae_snake_snakewalk
Slime:1:  layout_caves, basic_altar
Slime:2:  layout_caves
Slime:3:  layout_caves, nicolae_slime_phagocytosis
Slime:4:  layout_caves
Slime:5:  slime_pit_nicolae_inversion
Orc:1:    layout_caves, nicolae_shop_overcharged_wands
Orc:2:    pubby_orc_utopia
Elf:1:    layout_onion_city, nicolae_elf_crossing_hall, nicolae_rare_books,
          minmay_shop_star, uniq_norris
Elf:2:    elven_hall_of_blades_hangedman_original [mumra_blade_entry_dagger],
          layout_loops_corners, uniq_roxanne
Elf:3:    elf_hall, layout_loops_corners, serial_shops, nicolae_shop_trees,
          nicolae_shop_mannequins, nicolae_lakefront_shop, nicolae_shop_crystal,
          nicolae_shop_advertising_works [nicolae_subvault_shop_adworks]
Vaults:1: nicolae_vaults_turnstiles, grunt_vaults_diagonal, vaults_room_corners,
          nicolae_vaults_stairing_the_circle,
          nicolae_vaults_offset_grid_hallway_3,
          nicolae_vaults_security_offices_4, nicolae_vaults_double_plus_2,
          nicolae_vaults_tetromino_L_1, nicolae_vaults_house_1,
          hangedman_vaults_slice, nicolae_vaults_network_quinsquares
          [nicolae_vaults_network_quincunx_subvault,
          nicolae_vaults_network_quincunx_subvault,
          nicolae_vaults_network_quincunx_subvault,
          nicolae_vaults_network_quincunx_subvault], layout_vaults_ring,
          serial_shops, nicolae_shop_bloodbath_and_beyond, uniq_donald
Vaults:2: nicolae_vaults_c_with_doors, nicolae_vaults_taking_the_gang_shopping,
          nicolae_vaults_tetromino_L_2, layout_vaults_quadrants, uniq_frederick,
          uniq_aizul
Vaults:3: v_alt_pattern_5, nicolae_vaults_storage_closets_2,
          hangedman_vaults_corner, grunt_vaults_funnel, hangedman_vaults_snaps,
          hellmonk_guarded_unrand_gong, vaults_room_semicircle,
          minmay_crypt_entry_simple_corners, vaults_room_semicircle,
          nicolae_vaults_trapezoid_1, vaults_room_door_ring,
          nicolae_vaults_two_Ls, layout_vaults_omnibox, serial_shops,
          nicolae_shop_back_alley_shop, nicolae_lakefront_shop, uniq_asterion
Vaults:4: nicolae_vaults_storage_room_statues, grunt_vaults_trifunnel,
          nicolae_vaults_closet_pinwheel_6, v_rooms_1,
          nicolae_vaults_offset_grid_hallway_1, v_alt_pattern_6,
          nicolae_vaults_house_2, nicolae_vaults_storage_closets_1,
          nicolae_vaults_border_crossing, vaults_room_hallway,
          layout_vaults_chaotic_city
Vaults:5
Crypt:1:  layout_gridlike, gammafunk_ghost_fury_of_okawaru, minicrypt_bobbens
Crypt:2:  layout_gridlike, serial_co_window_serial, co_window_of_opportunity_a,
          co_window_of_opportunity_a, co_window_of_opportunity_a,
          co_window_paths_b, co_window_corner_a, co_window_cross_3,
          co_window_corner_cb, co_window_corner_cb, glass_columns_b,
          glass_columns_b, basic_altar, uniq_saint_roka
Crypt:3:  lightli_unholy_cathedral, layout_chaotic_city,
          tomb_entry_simple_bobbens, uniq_xtahua
Tomb:1
Tomb:2
Tomb:3
Depths:1: layout_small_grid, pf_coc_iceberg, serial_shops, shop_fountains, shop,
          shop, shop, nicolae_lakefront_shop, kiku_gazebo_garden_becter,
          grunt_decor_one_mirror, okawaru_altar_gauntlet_db
Depths:2: radiant_caverns_b_rkd, pan_entry, hell_entry
Depths:3: hangedman_cross_cluster, layout_gridlike, abyss_entry_glasseish,
          rand_demon_pan_entry_3, hell_entry
Depths:4: grunt_zot_entry_bicorn, layout_gridlike, enter_ziggurat_d,
          abyss_entry_flame_altar, pf_vacation_house_of_asmodeus,
          nicolae_concentric_dashed_squares_mild, minmay_misc_feat_rugged
Hell
Dis:1:    layout_jigsaw
Dis:2:    layout_regular_city
Dis:3:    layout_gridville
Dis:4:    layout_gridville
Dis:5:    layout_jigsaw
Dis:6:    layout_gridville
Dis:7:    dis_hangedman
Geh:1:    layout_gehenna_pools_triple, nicolae_geh_single_fiery_grave,
          nicolae_geh_lava_shack
Geh:2:    layout_gehenna_lava_caves
Geh:3:    layout_gehenna_lava_caves, special_room [special_room_morgue]
Geh:4:    layout_gehenna_lava_caves
Geh:5:    layout_gehenna_lava_caves
Geh:6:    layout_gehenna_pools_triple
Geh:7:    geh_old
Coc:1:    layout_cocytus_delve
Coc:2:    layout_cocytus_delve
Coc:3:    layout_ice_bergs
Coc:4:    layout_ice_bergs
Coc:5:    layout_cocytus_water_paths
Coc:6:    layout_cocytus_water_paths
Coc:7:    coc_grunt_cove [coc_grunt_cove_antaeus, coc_grunt_cove_fiend,
          coc_grunt_cove_fiend, coc_grunt_cove_fiend, coc_grunt_cove_fiend]
Tar:1:    layout_honeycomb, nicolae_hells_leichenhalle
Tar:2:    layout_cathedral_of_symmetry, nicolae_tar_cuneiform_to_be
Tar:3:    layout_grid_maze
Tar:4:    layout_catacombs, nicolae_tar_cuneiform_oil
Tar:5:    layout_grid_maze
Tar:6:    layout_grid_maze
Tar:7:    tar_mu [tar_mu_maze]
Zot:1:    layout_gridlike, grunt_ministairs_10, uniq_tiamat
Zot:2:    layout_twisted_circle, hangedman_elemental_corridor,
          regret_index_zotdec_twisting_globes
Zot:3:    layout_misc_corridors
Zot:4:    layout_gridlike, regret_index_zotdec_onion_hex, grunt_ministairs_13
Zot:5:    layout_basic

Skill      XL: |  1  2  3  4  5  6  7  8  9 10 11 12 13 14 15 16 17 18 19 20 21 22 23 24 25 26 27 |
---------------+----------------------------------------------------------------------------------+-----
Unarmed Combat | 1 2 3 4 5 6 8 10 11 13 16 17 19 20 21 22 27 | 27.0
Fighting       | 1 2 3 4 5 6 8 10 11 12 13 14 15 16 17 19 20 26 | 26.8
Shapeshifting  | 5 9 11 12 14 16 17 18 20 21 22 23 | 23.0
Necromancy     | 3 5 6 |  6.0
Spellcasting   | 2 3 4 5 |  5.0
Shields        | 2 7 10 13 16 18 20 21 23 | 23.9
Dodging        | 8 10 11 13 | 13.0
Translocations | 5 |  5.0
Invocations    | 27 | 27.0
Armour         | 13 | 13.0
Stealth        | |  1.0
Conjurations   | |  0.6
Alchemy        | |  2.1

Action                     |  1- 3 |  4- 6 |  7- 9 | 10-12 | 13-15 | 16-18 | 19-21 | 22-24 | 25-27 || total
---------------------------+-------+-------+-------+-------+-------+-------+-------+-------+-------++-------
  Melee: Unarmed           |    97 |   123 |   306 |   646 |  1363 |  1205 |  1274 |  1569 |  6067 || 12650
         Punch             |     1 |     3 |    13 |    48 |    31 |       |       |       |       ||    96
         Constrict         |       |       |       |       |   225 |   266 |       |       |       ||   491
         Kick              |       |       |       |       |       |       |       |    45 |   131 ||   176
         Headbutt          |       |       |       |       |       |       |       |       |   108 ||   108
  Throw: Dart              |       |       |     2 |     4 |     7 |       |     1 |       |     4 ||    18
         Throwing net      |       |       |       |     6 |       |       |     3 |       |     3 ||    12
   Cast: Fugue of the Fall |       |       |       |       |     1 |     7 |    20 |    35 |    19 ||    82
         Sting             |       |       |       |       |       |       |       |     1 |     1 ||     2
         Apportation       |       |       |       |       |       |       |       |       |     4 ||     4
 Invoke: Serpent's Lash    |       |       |       |     9 |    17 |    23 |    22 |    20 |    77 ||   168
         Heavenly Storm    |       |       |       |       |       |     4 |     2 |     1 |    14 ||    21
Ability: Lunge             |       |       |    24 |    39 |   136 |   156 |   106 |   115 |   399 ||   975
         Whirlwind         |       |       |    70 |   332 |   642 |   303 |   613 |   672 |  3098 ||  5730
         Wall Jump         |       |       |       |       |       |       |       |       |     7 ||     7
  Evoke: Wand              |       |     2 |     7 |    16 |     6 |     1 |     2 |     1 |     6 ||    41
         Condenser vane    |       |       |       |       |     1 |     1 |       |       |     2 ||     4
         Phantom mirror    |       |       |       |       |       |     1 |       |       |     5 ||     6
         Sack of spiders   |       |       |       |       |       |       |       |       |     1 ||     1
    Use: Scroll            |       |     5 |       |    18 |     5 |     9 |     5 |    11 |    25 ||    78
         Potion            |       |       |       |     6 |     7 |    15 |     5 |     7 |    47 ||    87
   Stab: Sleeping          |     1 |     3 |     4 |       |     5 |     1 |     1 |       |     5 ||    20
         Held in net/web   |       |       |       |     5 |       |       |       |       |     4 ||     9
         Petrified         |       |       |       |       |     3 |       |       |       |       ||     3
         Distracted        |       |       |       |       |     2 |       |       |       |     2 ||     4
         Confused          |       |       |       |       |     1 |     1 |       |     5 |       ||     7
         Petrifying        |       |       |       |       |       |       |       |     2 |       ||     2
         Paralysed         |       |       |       |       |       |       |       |     1 |     2 ||     3
 Armour: Robe              |    60 |    79 |   190 |   166 |       |       |       |       |       ||   495
         Troll leather arm |       |       |       |   229 |   144 |       |       |       |    74 ||   447
         Acid dragon scale |       |       |       |    22 |       |       |       |       |       ||    22
         Skin              |       |       |       |       |   392 |   781 |  1126 |  1340 |  2467 ||  6106
  Dodge: Dodged            |    42 |    50 |   103 |   201 |   605 |   485 |   475 |   557 |  1485 ||  4003
  Block: Kite shield       |       |       |       |       |       |    10 |   541 |   826 |       ||  1377
         Reflection        |       |       |       |       |       |       |    31 |     6 |       ||    37
         Tower shield      |       |       |       |       |       |       |       |       |  5716 ||  5716
   Form: Serpent           |       |       |       |       |     1 |     1 |       |       |       ||     2
         Statue            |       |       |       |       |       |     1 |       |       |     1 ||     2
         Death             |       |       |       |       |       |       |       |       |     3 ||     3
                           |       |       |       |       |       |       |       |       |     1 ||     1

Table legend: (Time is in decaauts)
 A = Elapsed time spent in this place.
 B = Non-inter-level travel time spent in this place.
 C = Inter-level travel time spent in this place.
 D = Time resting spent in this place.
 E = Time spent auto-exploring this place.
 F = Levels seen in this place.
 G = Mean time per level.
                   A        B        C        D        E       F      G
               +--------+--------+--------+--------+--------+-----+--------+
         Total |  75626 |  65841 |   9785 |   3304 |  33046 | 127 |  595.5 |
       Dungeon |  14283 |  11704 |   2579 |    194 |   7869 |  15 |  952.2 |
        Temple |    152 |    100 |     52 |      0 |      0 |   1 |  152.0 |
          Lair |   4401 |   3564 |    837 |    111 |   2017 |   5 |  880.2 |
        Shoals |   4134 |   3931 |    203 |    444 |   2366 |   4 | 1033.5 |
     Snake Pit |   5394 |   5087 |    307 |    813 |   2639 |   4 | 1348.5 |
    Slime Pits |    799 |    635 |    164 |      0 |      0 |   5 |  159.8 |
  Orcish Mines |   2322 |   1590 |    732 |      0 |    964 |   2 | 1161.0 |
   Elven Halls |   5146 |   4486 |    660 |    801 |   2579 |   3 | 1715.3 |
        Vaults |  10627 |   8779 |   1848 |    434 |   5955 |   5 | 2125.4 |
         Crypt |   5137 |   4586 |    551 |    151 |   3118 |   3 | 1712.3 |
          Tomb |   1241 |   1102 |    139 |      0 |      0 |   3 |  413.7 |
        Depths |   6208 |   5166 |   1042 |    154 |   3489 |   4 | 1552.0 |
          Hell |    412 |    370 |     42 |      0 |      0 |   1 |  412.0 |
           Dis |   1120 |   1120 |      0 |      0 |      0 |   7 |  160.0 |
       Gehenna |    891 |    891 |      0 |      0 |      0 |   7 |  127.3 |
       Cocytus |    882 |    882 |      0 |     22 |      0 |   7 |  126.0 |
      Tartarus |   2100 |   1802 |    298 |      0 |    552 |   7 |  300.0 |
           Zot |   2351 |   2026 |    325 |      0 |    436 |   5 |  470.2 |
         Abyss |    558 |    558 |      0 |      0 |     59 |   3 |  186.0 |
   Pandemonium |   6608 |   6608 |      0 |      0 |    862 |  27 |  244.7 |
      Ziggurat |    324 |    324 |      0 |      0 |      0 |   8 |   40.5 |
      Gauntlet |    525 |    525 |      0 |    176 |    139 |   1 |  525.0 |
               +--------+--------+--------+--------+--------+-----+--------+

Top non-repeatable levels by time:
Vaults:1: 2759 daAuts
   Elf:3: 2315 daAuts
Depths:2: 2311 daAuts
Vaults:2: 2274 daAuts
 Crypt:1: 2238 daAuts
Vaults:4: 1983 daAuts
Vaults:3: 1859 daAuts
Depths:3: 1842 daAuts
 Crypt:3: 1808 daAuts
     D:9: 1768 daAuts
Vaults:5: 1750 daAuts
    D:15: 1637 daAuts
   Orc:2: 1608 daAuts
   Elf:1: 1602 daAuts
 Snake:4: 1596 daAuts
